 Dungeon Crawl Stone Soup version 0.30.0-18-gc0e69614cb (webtiles) character file.

Game seed: 15601648509171660551

1193940 Jackthecabe the Conqueror (level 26, 314/314 HPs)
             Began as an Ogre Warper on May 25, 2023.
             Was the Champion of Ru.
             Escaped with the Orb
             ... and 3 runes!
             The game lasted 04:41:24 (160676 turns).

Jackthecabe the Conqueror (Ogre Warper)           Turns: 160676, Time: 04:41:25

Health: 314/314    AC: 22    Str: 30    XL:     26
Magic:  36/36      EV: 17    Int: 14    God:    Ru [******]
Gold:   2288       SH: 14    Dex: 10    Spells: 30/53 levels left

rFire   + + +        b - +18 lance "Wyrmbane" {slay drac, rPois rF+ rC+ AC+3}
rCold   + + +        j - +2 shield of Resistance {rF++ rC++ Will++}
rNeg    . . .        E - +5 storm dragon scales {rElec}
rPois   +            x - +0 mask of the Dragon {Will+ Slay+3 SInv}
rElec   +            t - +2 cloak {Will+}
rCorr   .            (gloves unavailable)
SInv    +            (boots unavailable)
Will    +++++        X - amulet of Leyrant {RegenMP Will+ SInv} Stlth
                     N - ring of Gakk {Wiz rF+ rC+ Dex+2}
HPRegen 0.72/turn    M - ring of the Hare {EV+10}
MPRegen 0.65/turn

%: clarity, wizardry (x1)
@: studying Short Blades
A: large, unfitting armour, screaming 1, tough skin 1, inability to train
armour, no conjurations magic, no hexes magic, no ice magic, unskilled 1,
inexperienced 1, missing an eye, antennae 1, see invisible, clarity, low MP 1,
cold vulnerability 1
0: Orb of Zot
}: 3/15 runes: barnacled, slimy, gossamer
a: Renounce Religion, Draw Out Power, Power Leap, Apocalypse


You escaped.
You worshipped Ru.
Ru was exalted by your worship.
You visited 11 branches of the dungeon, and saw 52 of its levels.
You also visited: Gauntlet.

You collected 9508 gold pieces.
You spent 7220 gold pieces at shops.

Inventory:

Hand Weapons
 b - the +18 lance "Wyrmbane" (weapon) {slay drac, rPois rF+ rC+ AC+3}
   (You bought it in a shop on level 12 of the Dungeon)

   AC:        It affects your AC (+3).
   rF:        It protects you from fire.
   rC:        It protects you from cold.
   rPois:     It protects you from poison.
Missiles
 d - 11 boomerangs of dispersal {=f}
 e - 6 throwing nets {=f, !d}
 B - 7 curare-tipped darts
 O - 87 large rocks {!d}
 Y - 2 silver boomerangs
Armour
 j - the +2 shield of Resistance (worn) {rF++ rC++ Will++}
   (You found it on level 3 of the Elven Halls)

   rF:        It greatly protects you from fire.
   rC:        It greatly protects you from cold.
   Will:      It greatly increases your willpower.
 t - a +2 cloak of willpower (worn)
   (You took it off Nikola on level 3 of the Spider Nest)
 x - the +0 mask of the Dragon (worn) {Will+ Slay+3 SInv}
   (You bought it in a shop on level 2 of the Elven Halls)

   Slay:      It affects your accuracy & damage with ranged weapons and melee
   (+3).
   SInv:      It lets you see invisible.
   Will:      It increases your willpower.
 E - +5 storm dragon scales (worn) {rElec}
   (You found it on level 2 of the Depths)
 G - a +2 cloak of preservation
   (You took it off a draconian annihilator on level 1 of the Realm of Zot)
Jewellery
 i - a +4 ring of protection
   (You found it on level 5 of the Pits of Slime)
 r - the dreamshard necklace {*Dream Drain}
   (You bought it in a shop on level 2 of the Orcish Mines)

   [amulet of nothing]

   *Dream:    It shatters if its wearer takes lethal or near-lethal damage,
   preventing the blow and releasing protective dreams that heal and fight for
   the wearer.
   Drain:     It drains your maximum health when unequipped.
 C - a ring of protection from cold {rC+}
   (You took it off a fire giant on level 3 of the Depths)
 L - a ring of resist corrosion
   (You found it on level 5 of the Pits of Slime)
 M - the ring of the Hare (right hand) {EV+10}
   (You bought it in a shop on level 2 of the Shoals)

   [ring of evasion]

   EV:        It affects your evasion (+10).
 N - the ring of Gakk (left hand) {Wiz rF+ rC+ Dex+2}
   (You took it off a vault sentinel on level 1 of the Vaults)

   [ring of wizardry]

   It improves your spell success rate.
   Dex:       It affects your dexterity (+2).
   rF:        It protects you from fire.
   rC:        It protects you from cold.
 T - a ring of positive energy {rN+}
   (You found it on level 1 of the Lair of Beasts)
 X - the amulet of Leyrant (around neck) {RegenMP Will+ SInv}
   (You found it on level 5 of the Pits of Slime)

   [amulet of magic regeneration]

   It increases your rate of magic regeneration.
   SInv:      It lets you see invisible.
   Will:      It increases your willpower.
Wands
 A - a wand of mindburst (67)
   (You found it on level 11 of the Dungeon)
 H - a wand of digging (9)
   (You found it on level 7 of the Dungeon)
 K - a wand of charming (40)
   (You found it on level 8 of the Dungeon)
 U - a wand of acid (18)
   (You found it on level 2 of the Lair of Beasts)
 V - a wand of iceblast (30)
   (You found it in a Gauntlet)
Scrolls
 a - a scroll of summoning
 c - 4 scrolls of blinking {!r!d}
 f - 9 scrolls of fear
 n - 23 scrolls of teleportation {!r!d, @r3}
 o - 5 scrolls of fog
 u - 9 scrolls of vulnerability {!r!r}
 y - a scroll of silence
 S - 4 scrolls of magic mapping {!r}
 W - 12 scrolls of immolation {!r}
Potions
 h - 8 potions of attraction {!q}
 k - 14 potions of brilliance
 l - 7 potions of lignification {!q}
 m - 26 potions of curing {@q1, !d}
 p - 3 potions of might
 q - 5 potions of haste
 s - 4 potions of flight
 v - 5 potions of mutation {!q}
 w - 8 potions of heal wounds {@q2, !d}
 z - 8 potions of magic
 D - 5 potions of ambrosia
 F - 3 potions of invisibility
 I - 4 potions of berserk rage {!q}
 Q - 2 potions of cancellation
 Z - 2 potions of resistance
Miscellaneous
 g - a phantom mirror
   (You found it on level 1 of the Vaults)
 J - a condenser vane
   (You found it on level 15 of the Dungeon)
 P - a lightning rod (4/4)
   (You found it on level 4 of the Shoals)
 R - a phial of floods
   (You found it on level 4 of the Shoals)


   Skills:
 O Level 27 Fighting
 - Level 18.1 Maces & Flails
 - Level 12.0 Polearms
 - Level 10.0 Throwing
 + Level 5.3 Dodging
 - Level 15.0 Shields
 - Level 14.0 Spellcasting
 - Level 9.0 Necromancy
 - Level 12.0 Translocations
 - Level 14.0 Transmutations
 - Level 14.0 Earth Magic


You had 30 spell levels left.
You knew the following spells:

 Your Spells              Type           Power      Damage    Failure   Level
a - Teleport Other        Tloc           43%        N/A       1%          3
b - Vhi's Electric Charg  Tloc/Air       52%        N/A       6%          3
c - Manifold Assault      Tloc           43%        N/A       1%          4
e - Statue Form           Tmut/Erth      32%        N/A       11%         6
h - Borgnjor's Vile Clut  Necr/Erth      21%        N/A       6%          5
B - Blink                 Tloc           86%        N/A       1%          2

Your spell library contained the following spells:

 Spells                   Type           Power      Damage    Failure   Level
 Apportation              Tloc           86%        N/A       1%          1
 Beastly Appendage        Tmut           98%        N/A       1%          1
 Necrotise                Necr           100%       1d9       1%          1
 Sandblast                Erth           98%        2d20      1%          1
 Sting                    Tmut/Pois      100%       1d8       1%          1
 Lesser Beckoning         Tloc           86%        N/A       1%          2
 Passwall                 Tmut/Erth      40%        N/A       1%          2
 Sublimation of Blood     Necr           35%        N/A       1%          2
 Wereblood                Tmut           49%        N/A       1%          2
 Gell's Gravitas          Tloc           43%        N/A       1%          3
 Vampiric Draining        Necr           35%        2d8       1%          3
 Volatile Blastmotes      Fire/Tloc      52%        2d14      6%          3
 Cigotuvi's Dreadful Rot  Necr/Pois/Air  36%        N/A       10%         2
 Ignite Poison            Fire/Tmut/Pois 22%        N/A       11%         3
 Agony                    Necr           35%        N/A       16%         5
 Dispersal                Tloc           21%        N/A       24%         6
 Call Imp                 Summ           18%        N/A       32%         2
 Scorch                   Fire           18%        2d5       32%         2
 Alistair's Intoxication  Tmut/Pois      19%        N/A       32%         5
 Summon Forest            Summ/Tloc      13%        N/A       45%         5
 Call Canine Familiar     Summ           9%         N/A       52%         3
 Swiftness                Air            9%         N/A       52%         3
 Eringya's Noxious Bog    Tmut/Pois      14%        N/A       86%         6
 Airstrike                Air            4%         2d(1-17)  89%         4
 Olgreb's Toxic Radiance  Pois           9%         N/A       89%         4
 Summon Lightning Spire   Summ/Air       9%         N/A       89%         4
 Summon Cactus Giant      Summ           4%         N/A       100%        6
 Storm Form               Tmut/Air       14%        N/A       100%        7
 Summon Hydra             Summ           4%         N/A       100%        7
 Disjunction              Tloc           21%        N/A       100%        8
 Maxwell's Capacitive Co  Air            4%         ∞         100%        8
 Momentum Strike          Conj/Tloc      Unusable   3d9       N/A         2
 Stone Arrow              Conj/Erth      Unusable   3d10      N/A         3
 Portal Projectile        Hex/Tloc       Unusable   N/A       N/A         3
 Ice Form                 Ice/Tmut       Unusable   N/A       N/A         4
 Leda's Liquefaction      Hex/Erth       Unusable   N/A       N/A         4
 Iskenderun's Mystic Bla  Conj/Tloc      Unusable   2d7       N/A         4
 Magic Dart               Conj           Unusable   1d4       N/A         1
 Shock                    Conj/Air       Unusable   1d5       N/A         1
 Dazzling Flash           Conj/Hex       Unusable   N/A       N/A         3
 Mephitic Cloud           Conj/Pois/Air  Unusable   N/A       N/A         3
 Ozocubu's Armour         Ice            Unusable   N/A       N/A         3
 Flame Wave               Conj/Fire      Unusable   2d6       N/A         4
 Freezing Cloud           Conj/Ice/Air   Unusable   6-21      N/A         5
 Metabolic Englaciation   Hex/Ice        Unusable   N/A       N/A         5
 Summon Mana Viper        Hex/Summ       Unusable   N/A       N/A         5
 Simulacrum               Ice/Necr       Unusable   N/A       N/A         6
 Starburst                Conj/Fire      Unusable   6d4       N/A         6

Dungeon Overview and Level Annotations

Branches:
Dungeon (15/15)            Temple (1/1) D:4            Lair (5/5) D:11
 Shoals (4/4) Lair:2       Spider (4/4) Lair:3        Slime (5/5) Lair:4
    Orc (2/2) D:11            Elf (3/3) Orc:2        Vaults (4/5) D:13
  Crypt (0/3) Vaults:2     Depths (4/4) D:15            Zot (5/5) Depths:4
Gauntlet (visited)

Altars:
Ashenzari
Cheibriados
Dithmenos
Elyvilon
Fedhas
Gozag
Hepliaklqana
Kikubaaqudgha
Makhleb
Nemelex Xobeh
Okawaru
Qazlal
Ru
Sif Muna
Trog
Uskayaw
Vehumet
Wu Jian
Xom
Yredelemnul
Zin
The Shining One
Jiyva

Shops:
D:2 ?   D:4 ?   D:11 ?=   D:12 (   Orc:1 :   Orc:2 ?!=[   Elf:2 :[[
Shoals:1 ?   Shoals:2 [(***=   Vaults:2 [   Vaults:4 [

Portals:
Hell: Depths:1 Depths:2 Depths:3 Depths:4
Abyss: Depths:3
Pandemonium: Orc:2 Depths:2
Ziggurat: Depths:1

Annotations:
Lair:5 2 transporters, Tutraar's ghost, journeyman DsGl
Shoals:3 1 runed translucent door, fearitself's ghost, adept MiBe
Slime:4 Dissolution
Elf:2 3 runed translucent doors
Zot:3 !flight


Innate Abilities, Weirdness & Mutations

You are too large for most types of armour.
You occasionally shout uncontrollably at your foes.
You have tough skin. (AC +1)
You cannot train Armour skill.
You cannot study or cast Conjurations magic.
You cannot study or cast Hexes magic.
You cannot study or cast Ice magic.
You are somewhat unskilled. (-1 Apt)
You are somewhat inexperienced. (-1 XL)
You are missing an eye, making it more difficult to aim.
You have a pair of small antennae on your head.
You have supernaturally acute eyesight. (SInv)
You possess an exceptional clarity of mind.
Your magical capacity is low. (-10% MP)
You are vulnerable to cold. (rC-)


Message History

There is a stone staircase leading up here.
You climb upwards.
A great orb of eyes comes into view.
There is a stone staircase leading down here.
You reach to attack!
You puncture the great orb of eyes!
You reach to attack!
You puncture the great orb of eyes! You hit the great orb of eyes.
You hit the great orb of eyes.
You block the great orb of eyes's attack.
You puncture the great orb of eyes! You barely miss the great orb of eyes.
The great orb of eyes misses you.
You puncture the great orb of eyes!
You kill the great orb of eyes!
No target in view!
(D) Dungeon (T) Temple (L) Lair (A) Shoals (N) Spider Nest (M) Slime Pits (O) Orcish Mines (E) Elven Halls (V) Vaults (C) Crypt (U) Depths (H) Hell (Z) Zot
Where to? (Enter - D:1 @ (x,y), ? - help)
There is a stone staircase leading up here.
You climb upwards.
There is a stone staircase leading down here.
You see here a +0 shortbow.
Items here: ( ))))).
A large abomination comes into view.
There is a stone staircase leading up, spattered with blood here.
You climb upwards.
There is a stone staircase leading down here.
(D) Dungeon (T) Temple (L) Lair (A) Shoals (N) Spider Nest (M) Slime Pits (O) Orcish Mines (E) Elven Halls (V) Vaults (C) Crypt (U) Depths (H) Hell (Z) Zot
Where to? (Enter - D:1 @ (x,y), ? - help)
Things that are here:
a +0 robe; a +0 battleaxe A Pujuam, a sixfirhy, a small abomination and a hell beast come into view.
Here: Pujuam The floor.
Unknown command.
The hell beast roars!
Pujuam gestures.
Pujuam seems to speed up.
The sixfirhy hits you. The sixfirhy shocks you. You resist.
You take 10 damage, and have 304/314 hp.
The sixfirhy attacks as you move away! The sixfirhy misses you.
There is a stone staircase leading up here.
You climb upwards.
There is a stone staircase leading down here.
(D) Dungeon (T) Temple (L) Lair (A) Shoals (N) Spider Nest (M) Slime Pits (O) Orcish Mines (E) Elven Halls (V) Vaults (C) Crypt (U) Depths (H) Hell (Z) Zot
Where to? (Enter - D:1 @ (x,y), ? - help)
An Orb Guardian comes into view.
Health restored: 314
There is a stone staircase leading up here.
You climb upwards.
There is a stone staircase leading down here.
(D) Dungeon (T) Temple (L) Lair (A) Shoals (N) Spider Nest (M) Slime Pits (O) Orcish Mines (E) Elven Halls (V) Vaults (C) Crypt (U) Depths (H) Hell (Z) Zot
Where to? (Enter - D:1 @ (x,y), ? - help)
An Orb Guardian comes into view.
There is a stone staircase leading up here.
You climb upwards.
There is a stone staircase leading down here.
(D) Dungeon (T) Temple (L) Lair (A) Shoals (N) Spider Nest (M) Slime Pits (O) Orcish Mines (E) Elven Halls (V) Vaults (C) Crypt (U) Depths (H) Hell (Z) Zot
Where to? (Enter - D:1 @ (x,y), ? - help)
There is a stone staircase leading up here.
You climb upwards.
There is a stone staircase leading down here.
A lorocyproca comes into view.
You puncture the lorocyproca! You puncture the lorocyproca!
The lorocyproca closely misses you.
You impale the lorocyproca!! You puncture the lorocyproca!
The lorocyproca hits you!
You feel your power leaking away.
You take 10 damage, and have 304/314 hp.
You now have 28/36 mp.
You hit the lorocyproca but do no damage.
You puncture the lorocyproca!
You kill the lorocyproca!
(D) Dungeon (T) Temple (L) Lair (A) Shoals (N) Spider Nest (M) Slime Pits (O) Orcish Mines (E) Elven Halls (V) Vaults (C) Crypt (U) Depths (H) Hell (Z) Zot
Where to? (Enter - D:1 @ (x,y), ? - help)
There is a stone staircase leading up here.
You climb upwards.
There is a stone staircase leading down here.
You open the door.
There is an open door here.
You see here 2 stones.
There is a staircase leading out of the dungeon here.
Health restored: 314; MP restored: 36 You have escaped!

.# #.............# .#
###########.###########.# .#
#...........# #.# .#
#...######### #.#
.#######.##.#....# #.#
............'.##.# #>#
.#######.##.#(...# #.# .#
####.##.#....# #.#
.####.......+...@##### #####.#
......#####.#....#...#####.....#
#####.# #.#....###........####
......# #.'.##.# #######.)#
##'##.# #.#....# #..#
##.##.############### #..#
#8.8#...............# #..#
##.##.##.##.#######.# #..###
##.##.###.#.# #.######....#


There were no monsters in sight!

Vanquished Creatures
  the Royal Jelly (Slime:5)
  A dread lich (Zot:5)
  9 ancient liches (Zot:5)
  6 orbs of fire (Zot:3 Zot:4 Zot:5)
  A juggernaut (Depths:4)
  Mennas (Depths:3)
  6 Killer Klowns (Zot:1 Zot:5)
  Bai Suzhen (Shoals:2)
  A curse toe (Zot:2)
  Nikola (Spider:3)
  9 golden dragons (Vaults:4 Depths:3 Depths:4 Zot:3 Zot:4)
  2 bone dragons (Depths:4 Zot:3)
  Arachne (Spider:3)
  3 doom hounds (Zot:3 Zot:2)
  3 electric golems (Zot:3 Zot:5)
  11 tentacled monstrosities (Depths:4 Zot:1 Zot:2 Zot:3 Zot:4)
  3 liches (Depths:1 Depths:3)
  Rupert (Lair:4)
  Mlioglotl (Shoals:4)
  2 deep elf master archers (Elf:3)
  A Hell Sentinel (Zot:1)
  Grunn (Zot:3)
  8 quicksilver dragons (Zot:1 Zot:3 Zot:4)
  A deep elf blademaster (Elf:3)
  13 acid blobs (Slime:1 Slime:3 Slime:5)
  26 Orb Guardians (Zot:5 Zot:3 Zot:2 Depths:1)
  A titan (Shoals:1)
  An Executioner (Zot:5)
  Polyphemus (Shoals:2)
  4 death cobs (Zot:1 Zot:2 Zot:4)
  4 krakens (Shoals:1 Shoals:3 Shoals:4)
  4 sphinxes (Vaults:2 Vaults:3 Vaults:4)
  9 shadow dragons (Vaults:4 Depths:3 Zot:2 Zot:3 Zot:4)
  Kirke (D:13)
  7 draconian knights (Depths:4 Zot:3 Zot:4)
  Donald (Shoals:2)
  Roxanne (Shoals:2)
  14 storm dragons (Elf:1 Depths:2 Zot:2 Zot:3 Zot:4)
  5 tengu reavers (Vaults:4 Depths:2 Depths:3)
  7 draconian monks (Depths:4 Zot:1 Zot:3 Zot:4)
  The ghost of olmar the Protected, an adept GnFi of Ru (Shoals:2)
  11 azure jellies (Slime:1 Slime:2 Slime:5 Slime:4)
  An azure jelly (shapeshifter) (Elf:2)
  A revenant (Vaults:2)
  5 rockslimes (Slime:2 Slime:5 Slime:4)
  An iron dragon (Elf:1)
  6 draconian scorchers (Depths:4 Zot:2 Zot:3 Zot:4)
  9 frost giants (Vaults:1 Depths:1 Depths:2 Depths:3 Depths:4)
  12 vault wardens (Vaults:1 Vaults:2 Vaults:3 Vaults:4)
  3 deep elf sorcerers (Elf:3)
  4 emperor scorpions (Spider:1 Spider:2)
  8 ghost moths (Spider:2 Spider:4 Spider:3 Zot:2 Zot:4)
  A balrug (Depths:1)
  8 fire giants (Depths:1 Depths:2 Depths:3 Depths:4)
  An orc warlord (Vaults:4)
  A deep elf elementalist (Elf:3)
  2 draconian stormcallers (Zot:4)
  8 draconian shifters (Zot:1 Zot:2 Zot:4 Zot:3)
  9 ironbound preservers (Vaults:1 Vaults:2 Vaults:3 Vaults:4)
  A ghoul (Vaults:2)
  2 spriggan defenders (Depths:2 Depths:3)
  2 broodmothers (Spider:4)
  19 very ugly things (D:15 Depths:1 Depths:2 Depths:3 Depths:4)
  15 draconian annihilators (Zot:1 Zot:2 Zot:3 Zot:4)
  3 quicksilver oozes (Slime:2 Slime:4 Slime:5)
  10 stone giants (Vaults:1 Vaults:2 Vaults:4 Depths:2 Depths:1)
  2 war gargoyles (Vaults:1 Vaults:3)
  3 vampire knights (Depths:1 Depths:3)
  15 purple draconians (Zot:1 Zot:2 Zot:3 Zot:4)
  11 green draconians (Depths:4 Zot:1 Zot:2 Zot:3 Zot:4)
  10 ironbound thunderhulks (Vaults:1 Vaults:2 Vaults:3 Vaults:4)
  Nessos (Lair:3)
  10 black draconians (Depths:4 Zot:1 Zot:2 Zot:3 Zot:4)
  2 lorocyprocas (Depths:2 D:2)
  6 deep elf demonologists (Vaults:2 Elf:3)
  4 spark wasps (Spider:1 Spider:3 Depths:1)
  20 red draconians (Depths:4 Zot:1 Zot:2 Zot:3 Zot:4)
  14 yellow draconians (Depths:4 Zot:1 Zot:2 Zot:3 Zot:4)
  12 white draconians (Zot:1 Zot:2 Zot:3 Zot:4)
  Azrael (Orc:2)
  A minotaur (Gauntlet)
  2 merfolk javelineers (Shoals:4)
  12 deep elf annihilators (Vaults:2 Elf:3 Elf:2)
  6 deep elf death magi (Vaults:2 Vaults:4 Elf:1 Elf:3)
  10 merfolk impalers (Shoals:3 Shoals:4)
  8 ettins (Vaults:1 Vaults:3 Depths:1 Depths:2 Depths:3)
  3 jiangshi (Depths:4)
  4 yaktaur captains (Vaults:2 Vaults:3 Vaults:4)
  4 crystal guardians (Vaults:1 Vaults:4)
  12 fire dragons (D:12 D:15 Elf:1 Depths:2 Depths:3)
  10 great orbs of eyes (Vaults:1 Vaults:2 Vaults:3 Vaults:4 Depths:1)
  7 deep elf high priests (Vaults:2 Vaults:4 Elf:1 Elf:3)
  Fannar (Lair:3)
  Erolcha (Orc:2)
  4 entropy weavers (Spider:2 Spider:3 Vaults:3)
  9 ice dragons (Elf:1 Depths:2 Depths:4)
  9 ironbound frosthearts (Vaults:1 Vaults:2 Vaults:3 Vaults:4)
  3 peacekeepers (Vaults:1 Vaults:4)
  10 vault guards (Vaults:1 Vaults:2 Vaults:3 Vaults:4)
  5 catoblepae (Lair:5 D:13 Shoals:2)
  A hell beast (Gauntlet)
  2 demonspawn (Orc:2)
  2 rakshasas (Depths:2)
  7 jorogumos (Lair:3 Spider:1 Spider:3 Spider:4)
  3 merfolk avatars (Shoals:2 Shoals:4)
  3 spriggan air magi (Depths:2 Depths:4)
  7 hydras (Lair:5 D:15)
  3 alligator snapping turtles (Shoals:4)
  5 merfolk aquamancers (Shoals:2 Shoals:4)
  14 death yaks (D:11 D:10 Lair:2 Lair:1 Lair:5)
  5 deep troll shamans (Depths:2 Depths:1)
  15 centaur warriors (D:14 Vaults:2 Vaults:3)
  7 deep troll earth magi (Depths:1 Depths:3 Depths:4)
  An alligator (Shoals:4)
  4 boulder beetles (Lair:1 Spider:2 Spider:3 Vaults:2)
  6 radroaches (Lair:3 Spider:1)
  6 two-headed ogres (D:10 D:11 D:12 D:13)
  2 satyrs (Shoals:3)
  3 spriggan berserkers (Depths:2 Depths:4)
  8 tengu warriors (D:15 Depths:1 Depths:4)
  2 vampire magi (Depths:2 Depths:4)
  A hell hog (Depths:4)
  15 dancing weapons (Elf:1 Elf:2 Elf:3)
  8 orc high priests (Orc:2)
  A soul eater (Vaults:2)
  15 deep elf knights (Vaults:2 Vaults:4 Elf:1 Elf:2 Elf:3)
  19 hell knights (Vaults:1 Depths:1 D:15 Depths:3 Depths:4)
  2 spriggans (Depths:4)
  4 skysharks (Shoals:1 Shoals:2 Shoals:3)
  6 sun demons (D:12 Zot:5 Depths:1 D:9)
  A wretched star (Gauntlet)
  Amaemon (Lair:3)
  3 sun moths (Spider:1 Spider:2)
  7 pharaoh ants (Lair:3 Spider:1 Spider:2 Spider:3)
  A goliath frog (Shoals:4)
  9 skeletal warriors (D:13 D:12)
  13 sea snakes (Lair:2 Shoals:1 Shoals:2 Shoals:3 Shoals:4)
  3 sixfirhies (D:12 Depths:2)
  4 flayed ghosts (Depths:1 Depths:2)
  3 glowing orange brains (Vaults:1 Vaults:2 Vaults:3)
  16 orb spiders (Spider:1 Spider:2 Spider:3 Spider:4)
  4 iron trolls (Depths:1 Depths:3 Depths:4)
  45 deep trolls (Vaults:1 Vaults:2 Vaults:3 Vaults:4 D:15)
  14 deep elf archers (Vaults:2 Elf:1 Elf:2 Elf:3)
  7 steelbarb worms (Spider:1 Spider:2 Spider:3)
  13 harpies (Shoals:2 Shoals:4 Vaults:1)
  20 ironbound convokers (Vaults:1 Vaults:2 Vaults:3 Vaults:4)
  5 necromancers (Vaults:2 Depths:1 Depths:3)
  9 wizards (Vaults:1 Vaults:2 Vaults:3 Depths:1 Depths:2)
  3 phantasmal warriors (Vaults:1 Depths:1)
  15 lindwurms (D:12 Lair:4 Vaults:1 Vaults:2)
  4 oklob plants (Lair:4)
  7 orc knights (Orc:2 Vaults:4)
  6 shining eyes (Slime:1 Slime:4 Slime:5)
  34 deep elf pyromancers (D:13 D:14 Vaults:2 Vaults:4 Elf:1)
  23 deep elf zephyrmancers (Vaults:2 Elf:1 Elf:2 Elf:3)
  7 orc sorcerers (Orc:1 Orc:2 Elf:1 Elf:2)
  A wolf spider (shapeshifter) (Depths:3)
  33 wolf spiders (Spider:1 Spider:2 Spider:3 Spider:4)
  10 fauns (Shoals:2 Shoals:3)
  42 ugly things (D:11 D:13 D:15 D:14 Vaults:1)
  7 cyclopes (Orc:1 Orc:2 D:13 D:14 Shoals:1)
  34 moths of wrath (Spider:4 Zot:1 Zot:2 Zot:3 Zot:4)
  15 manticores (D:12 Lair:5 D:13 D:14 Shoals:1)
  4 merfolk sirens (Shoals:2 Shoals:3)
  30 elephants (Lair:1 Lair:5 Lair:4)
  16 vault sentinels (Vaults:1 Vaults:2 Vaults:3 Vaults:4)
  9 water nymphs (Shoals:1 Shoals:2 Shoals:4)
  5 torpor snails (Spider:1 Spider:2 Spider:3 Spider:4)
  5 black mambas (Lair:3 Lair:5 Lair:4)
  2 rust devils (Orc:1 Zot:3)
  A naga mage (Depths:3)
  2 eyes of devastation (Depths:1 Slime:4)
  A black mamba (shapeshifter) (D:15)
  13 cane toads (Lair:1 Lair:2 Lair:3 Lair:5 Lair:4)
  2 smoke demons (Orc:2 Depths:4)
  A gargoyle (D:13)
  3 orange demons (D:12 Lair:3)
  13 demonic crawlers (Spider:1 Spider:2 Spider:3 Spider:4)
  An unseen horror (D:11)
  A rime drake (Lair:5)
  6 komodo dragons (Lair:1 Lair:2 Lair:5 Lair:4)
  A freezing wraith (D:14)
  11 yaktaurs (Vaults:1 Vaults:2 Vaults:4)
  8 tengu conjurers (D:13 Depths:1 Depths:2 Depths:3 Depths:4)
  An ice devil (D:12)
  8 meliai (D:13 Spider:4)
  An efreet (D:15)
  A queen bee (shapeshifter) (Elf:1)
  A troll (shapeshifter) (D:13)
  25 merfolk (Shoals:1 Shoals:2 Shoals:3 Shoals:4)
  2 red devils (D:12 Orc:2)
  7 trolls (D:10 D:11 D:12 Orc:1 D:13)
  12 polar bears (Lair:3 Lair:4 Lair:5)
  11 hornets (Lair:5 Spider:3 Depths:4)
  5 raiju (Lair:5)
  33 tarantellas (Spider:1 Spider:2 Spider:3 Spider:4)
  4 wind drakes (Shoals:1 Shoals:3 Shoals:4)
  4 hellwings (D:12 Orc:2 Depths:2)
  20 blink frogs (Lair:2 Lair:3 Lair:5 Lair:4)
  3 dream sheep (Lair:5)
  8 snapping turtles (Lair:2 Shoals:3 Shoals:4)
  19 jumping spiders (Lair:3 Spider:1 Spider:2 Spider:3 Spider:4)
  A tarantella (shapeshifter) (D:15)
  107 slime creatures (D:12 D:14 D:15 Vaults:1 Vaults:2)
  23 culicivoras (Lair:3 Spider:1 Spider:2 Spider:3 Spider:4)
  A shadow (D:11)
  4 wraiths (D:9 D:10 D:12 D:13)
  16 water elementals (Shoals:1 Shoals:2 Shoals:3 Shoals:4 Elf:1)
  A basilisk (shapeshifter) (D:13)
  8 wyverns (D:7 D:9 Lair:3 Lair:5 Lair:4)
  3 vampires (D:11 D:12 D:14)
  2 air elementals (Elf:1)
  6 hogs (D:13)
  49 yaks (Lair:1 Lair:2 Lair:3 Lair:5 Lair:4)
  6 fire elementals (Orc:2 Elf:1 Elf:2 Elf:3)
  A ynoxinul (Depths:2)
  A human (D:11)
  6 golden eyes (Slime:2 Slime:5)
  5 basilisks (Lair:1 Lair:3 Lair:5 D:14)
  A redback (shapeshifter) (Depths:4)
  A steam dragon (D:6)
  2 chaos spawn (Orc:2)
  37 redbacks (Lair:2 Lair:3 Spider:1 Spider:2 Spider:3)
  7 wargs (D:11 Lair:5 Orc:2)
  An acid dragon (D:12)
  13 water moccasins (D:5 D:7 D:8 Lair:1 Lair:2)
  4 floating eyes (Depths:1 Depths:3 Slime:4)
  21 hell hounds (Lair:5 Orc:2 Gauntlet D:14)
  30 orc warriors (D:11 Orc:1 Orc:2)
  A sky beast (shapeshifter) (D:15)
  3 ice beasts (D:6 D:5)
  12 black bears (D:6 Lair:5)
  3 ogres (D:4 D:5 Orc:2)
  13 wolves (Lair:5)
  5 boggarts (Vaults:2)
  8 centaurs (D:6 D:7 D:9 D:10 D:13)
  A phantom (D:5)
  A small abomination (Gauntlet)
  12 bullfrogs (D:6 D:7 D:8 D:9 Lair:1)
  6 earth elementals (Elf:1 Elf:2)
  A scorpion (D:6)
  3 gnoll sergeants (D:7 D:10 D:12)
  8 wights (D:6 D:7 D:9)
  6 killer bees (D:10)
  7 electric eels (D:6 D:13 Spider:2 Elf:3)
  7 howler monkeys (D:6 D:7 D:13)
  3 quasits (D:12)
  4 hounds (D:3 D:5)
  2 jellies (D:4)
  23 orc priests (D:2 D:4 D:5 D:6 D:9)
  4 iguanas (D:4 D:5 D:6)
  2 sleepcaps (D:4 D:6)
  23 orc wizards (D:4 D:5 D:6 D:8 D:9)
  6 hell rats (Lair:4)
  21 gnolls (D:1 D:2 D:7 D:10 D:12)
  9 adders (D:2 D:4 D:5)
  2 shadow imps (D:5 D:7)
  15 white imps (D:7 D:8 Lair:4)
  A worm (D:2)
  2 dart slugs (D:2)
  99 orcs (D:3 D:2 D:4 D:5 D:6)
  7 endoplasms (D:1 D:2 D:4)
  2 giant cockroaches (D:4)
  5 goblins (D:1 D:2 D:4)
  7 hobgoblins (D:1 D:4)
  4 jackals (D:2)
  9 kobolds (D:1 D:2 D:3 D:4)
  3 quokkas (D:1 D:2)
  7 ball pythons (D:1 D:2 D:3)
  4 bats (D:1 D:2)
  3 frilled lizards (D:1 D:2)
  7 rats (D:1 D:2)
  6 tentacles (Shoals:1 Shoals:4)
2180 creatures vanquished.

Vanquished Creatures (collateral kills)
  An acid blob (Slime:5)
  An azure jelly (Slime:5)
  A rockslime (Slime:5)
  2 quicksilver oozes (Slime:5)
5 creatures vanquished.

Vanquished Creatures (others)
  Margery (Depths:3)
  2 golden dragons (Zot:2 Zot:3)
  2 Orb Guardians (Zot:5)
  An acid blob (Slime:2)
  2 azure jellies (Slime:5)
  A draconian knight (Depths:4)
  A fire giant (Depths:4)
  A draconian scorcher (Zot:4)
  An ironbound thunderhulk (Vaults:3)
  A deep elf annihilator (Vaults:4)
  A deep elf knight (Elf:1)
  A skeletal warrior (D:13)
  A sea snake (Shoals:2)
  2 deep trolls (Vaults:2 Depths:4)
  A wizard (Vaults:4)
  A deep elf pyromancer (Elf:2)
  An orc knight (Vaults:4)
  A manticore (Shoals:3)
  A cyclops (D:14)
  An ugly thing (Depths:1)
  A vault sentinel (Vaults:1)
  A smoke demon (Depths:4)
  A tengu conjurer (Depths:1)
  A merfolk (Shoals:4)
  A meliai (D:13)
  3 slime creatures (Slime:1 Slime:5)
  A yak (Lair:3)
  A warg (Lair:5)
  A water moccasin (Lair:1)
  An orc wizard (Elf:1)
  30 tentacles (Shoals:1 Shoals:3 Shoals:4)
66 creatures vanquished.

Grand Total: 2251 creatures vanquished

Notes
Turn   | Place    | Note
-------+----------+-------------------------------------------
     0 | D:1      | Jackthecabe the Ogre Warper began the quest for the Orb.
     0 | D:1      | Reached XP level 1. HP: 22/22 MP: 3/3
    56 | D:1      | Reached skill level 2 in Maces & Flails
   162 | D:1      | Reached XP level 2. HP: 25/29 MP: 5/5
   540 | D:1      | Reached skill level 3 in Maces & Flails
   742 | D:1      | Reached XP level 3. HP: 29/36 MP: 6/6
  1087 | D:2      | Learned a level 2 spell: Blink
  1091 | D:2      | Found Enwumee's Magic Scroll Shoppe.
  1158 | D:2      | Bought a scroll of teleportation for 30 gold pieces
  1158 | D:2      | Bought a scroll of noise for 10 gold pieces
  1158 | D:2      | Bought a scroll of identify for 20 gold pieces
  1624 | D:2      | Reached XP level 4. HP: 44/44 MP: 7/7
  1909 | D:2      | Reached skill level 4 in Maces & Flails
  2648 | D:3      | HP: 22/44 [orc/+0 flail (7)]
  2665 | D:2      | HP: 20/44 [orc/+0 flail (7)]
  2667 | D:2      | Reached XP level 5. HP: 23/50 MP: 8/8
  2876 | D:2      | HP: 22/50 [orc priest/divine providence (15)]
  2877 | D:2      | HP: 10/50 [orc priest/+0 flail (4)]
  2877 | D:2      | HP: 3/50 [orc/+0 hand axe (7)]
  3317 | D:3      | Reached skill level 5 in Maces & Flails
  3466 | D:3      | Found a white marble altar of Elyvilon.
  3703 | D:3      | Found a faded altar of an unknown god.
  3952 | D:4      | Reached XP level 6. HP: 59/59 MP: 9/9
  4037 | D:4      | Found a staircase to the Ecumenical Temple.
  4068 | Temple   | Entered the Ecumenical Temple
  4489 | D:4      | Found Lompeudana's Magic Scroll Emporium.
  4552 | D:4      | Reached skill level 6 in Maces & Flails
  4566 | D:4      | Bought a scroll of fog for 56 gold pieces
  4566 | D:4      | Bought a scroll of vulnerability for 56 gold pieces
  4807 | D:4      | Reached skill level 3 in Fighting
  4993 | D:4      | Reached skill level 3 in Translocations
  5134 | D:4      | Reached XP level 7. HP: 68/68 MP: 10/10
  5697 | D:4      | Reached skill level 4 in Fighting
  5986 | D:5      | Entered Level 5 of the Dungeon
  6797 | D:5      | Reached skill level 5 in Fighting
  7208 | D:5      | HP: 37/74 [something (1)]
  7213 | D:5      | HP: 33/74 [something (1)]
  7216 | D:5      | Reached skill level 6 in Fighting
  7220 | D:5      | Reached XP level 8. HP: 37/83 MP: 11/11
  7663 | D:6      | Reached skill level 4 in Translocations
  7684 | D:6      | Reached skill level 7 in Fighting
  8083 | D:5      | Reached skill level 7 in Maces & Flails
  8090 | D:5      | HP: 44/88 [poisoned by a water moccasin]
  8281 | D:6      | Reached skill level 8 in Fighting
  8339 | D:6      | HP: 43/88 [ice beast (9)]
  8344 | D:6      | HP: 44/88 [ice beast (1)]
  8349 | D:6      | HP: 30/88 [orc wizard/+0 falchion (3)]
  8361 | D:5      | HP: 33/88 [ice beast (1)]
  8363 | D:5      | HP: 16/88 [ice beast (5)]
  8369 | D:5      | Reached skill level 5 in Translocations
  8849 | D:6      | Reached XP level 9. HP: 95/96 MP: 12/12
  8887 | D:6      | HP: 44/96 [ice beast (11)]
  9252 | D:6      | Found a sacrificial altar of Ru.
  9252 | D:6      | Found a shadowy altar of Dithmenos.
  9260 | D:6      | Became a worshipper of Ru the Awakened
  9277 | D:6      | Found a glowing golden altar of the Shining One.
  9357 | D:6      | Reached skill level 8 in Maces & Flails
  9367 | D:6      | Learned a level 3 spell: Teleport Other
  9371 | D:6      | Learned a level 3 spell: Vhi's Electric Charge
  9376 | D:6      | Learned a level 4 spell: Manifold Assault
  9847 | D:6      | Reached skill level 6 in Translocations
 10020 | D:7      | Reached skill level 3 in Spellcasting
 10036 | D:7      | HP: 46/93 [bullfrog (7)]
 10365 | D:6      | Reached skill level 9 in Fighting
 10499 | D:7      | HP: 42/92 [wight/+4 spear of freezing (9)]
 11184 | D:7      | HP: 43/100 [water moccasin (8)]
 11186 | D:7      | Reached skill level 10 in Fighting
 11189 | D:7      | HP: 34/101 [poisoned by a water moccasin]
 11194 | D:7      | HP: 31/101 [poisoned by a water moccasin]
 11799 | D:8      | HP: 50/101 [water moccasin (5)]
 11804 | D:8      | HP: 46/102 [poisoned by a water moccasin]
 12003 | D:8      | Gained mutation: You are somewhat inexperienced. (-1 XL)
                  | [Ru sacrifice]
 12003 | D:8      | Reached XP level 8. HP: 94/94 MP: 21/21
 12003 | D:8      | Reached * piety under Ru
 12146 | D:8      | Noticed a hornet
 12374 | D:8      | Identified the +9 great mace of Doom {speed, rF+ rC+}
 12712 | D:9      | Reached skill level 2 in Throwing
 12712 | D:9      | Reached XP level 9. HP: 83/102 MP: 13/13
 13137 | D:9      | Found an ornate altar of the Wu Jian Council.
 13175 | D:9      | Found a sparkling altar of Nemelex Xobeh.
 13273 | D:9      | Reached skill level 3 in Throwing
 13655 | D:10     | Entered Level 10 of the Dungeon
 13660 | D:10     | Noticed a two-headed ogre
 13665 | D:10     | Killed a two-headed ogre
 13666 | D:10     | Reached skill level 11 in Fighting
 13666 | D:10     | Reached skill level 7 in Translocations
 13753 | D:10     | Noticed a two-headed ogre
 13766 | D:10     | HP: 45/105 [two-headed ogre/+0 giant club (16)]
 13768 | D:10     | HP: 6/105 [two-headed ogre/+0 giant club (21)]
 13770 | D:10     | Killed a two-headed ogre
 13771 | D:10     | Reached skill level 9 in Maces & Flails
 14302 | D:10     | Reached skill level 4 in Throwing
 15196 | D:11     | Noticed a death yak
 15223 | D:11     | Killed a death yak
 15224 | D:11     | Reached skill level 12 in Fighting
 15460 | D:11     | Found a staircase to the Lair.
 15461 | D:11     | Noticed a death yak
 15461 | D:11     | Noticed a death yak
 15494 | D:10     | Killed a death yak
 15495 | D:10     | Reached skill level 5 in Throwing
 15495 | D:10     | Reached XP level 10. HP: 83/115 MP: 4/14
 15850 | D:11     | Reached skill level 8 in Translocations
 15855 | D:11     | Gained mutation: You are missing an eye, making it more
                  | difficult to aim. [Ru sacrifice]
 15855 | D:11     | Reached ** piety under Ru
 15865 | D:11     | Identified the +7 dagger of the Histrionic God {elec,
                  | rElec}
 15990 | D:11     | Noticed a purple ugly thing
 16051 | D:11     | Found Kit Ashaumoi's Magic Scroll Shop.
 16342 | D:11     | Noticed a two-headed ogre
 16351 | D:11     | Killed a two-headed ogre
 16352 | D:11     | Reached skill level 10 in Maces & Flails
 16352 | D:11     | Reached skill level 6 in Throwing
 16558 | D:11     | Found a staircase to the Orcish Mines.
 16591 | D:11     | Killed a purple ugly thing
 16901 | D:11     | Found Vyisened's Jewellery Shop.
 17617 | D:12     | HP: 55/115 [troll (9)]
 18100 | D:12     | Noticed a two-headed ogre
 18107 | D:12     | Killed a two-headed ogre
 18218 | D:12     | Found Tateuce's Weapon Boutique.
 18288 | D:12     | Reached skill level 4 in Spellcasting
 18513 | D:12     | Reached skill level 11 in Maces & Flails
 18639 | D:12     | Reached skill level 9 in Translocations
 18755 | D:12     | Noticed a manticore
 18803 | D:12     | Killed a manticore
 18924 | D:12     | Noticed a manticore
 18935 | D:12     | Killed a manticore
 18936 | D:12     | Reached XP level 11. HP: 106/123 MP: 2/17
 19085 | D:12     | Noticed a sun demon
 19109 | D:12     | HP: 55/123 [sun demon (7)]
 19110 | D:12     | HP: 21/123 [sun demon (7)]
 19113 | D:12     | Killed a sun demon
 19114 | D:12     | Reached skill level 10 in Translocations
 19658 | D:12     | Reached skill level 12 in Maces & Flails
 20113 | Lair:1   | Entered Level 1 of the Lair of Beasts
 20421 | Lair:1   | Gained mutation: You cannot train Armour skill. [Ru
                  | sacrifice]
 20421 | Lair:1   | Reached *** piety under Ru
 20797 | Lair:1   | Reached skill level 13 in Fighting
 21250 | Lair:1   | Reached skill level 14 in Fighting
 21630 | Lair:1   | Noticed a boulder beetle
 21639 | Lair:1   | Killed a boulder beetle
 22223 | Lair:2   | Reached skill level 11 in Translocations
 22356 | Lair:2   | Reached XP level 12. HP: 139/139 MP: 2/18
 22522 | Lair:2   | Identified the +1 dire flail of Anger {protect, rElec
                  | Dex+3}
 22600 | Lair:2   | HP: 61/139 [blink frog (16)]
 22901 | Lair:2   | Reached skill level 12 in Translocations
 23042 | Lair:1   | HP: 59/140 [death yak (23)]
 23047 | Lair:1   | HP: 42/133 [death yak (3)]
 23586 | Lair:2   | Found a staircase to the Shoals.
 24149 | Lair:3   | Found a hazy altar of Hepliaklqana.
 24150 | Lair:3   | Noticed Amaemon
 24421 | Lair:3   | Killed Amaemon
 24422 | Lair:3   | Reached skill level 15 in Fighting
 24427 | Lair:3   | HP: 70/141 [poisoned by Amaemon]
 24441 | Lair:3   | HP: 61/141 [orange demon[Amaemon] (11)]
 24778 | Lair:3   | Noticed Fannar
 25061 | Lair:3   | Gained mutation: You are somewhat unskilled. (-1 Apt) [Ru
                  | sacrifice]
 25061 | Lair:3   | Reduced skill Fighting to level 14
 25061 | Lair:3   | Reduced skill Maces & Flails to level 11
 25061 | Lair:3   | Reduced skill Throwing to level 5
 25061 | Lair:3   | Reduced skill Dodging to level 1
 25061 | Lair:3   | Reduced skill Spellcasting to level 3
 25061 | Lair:3   | Reduced skill Translocations to level 11
 25061 | Lair:3   | Reached **** piety under Ru
 25061 | Lair:3   | Reached ***** piety under Ru
 25110 | Lair:2   | HP: 64/140 [poisoned by a redback]
 25115 | Lair:2   | HP: 41/140 [poisoned by a redback]
 25120 | Lair:2   | HP: 34/140 [poisoned by a redback]
 25879 | Lair:3   | Noticed Nessos
 25879 | Lair:3   | HP: 67/140 [Nessos/arrow (4)]
 25889 | Lair:3   | HP: 66/133 [poisoned by Nessos]
 26163 | Lair:3   | Reached skill level 4 in Spellcasting
 26917 | Lair:3   | Killed Fannar
 27252 | Lair:3   | Killed Nessos
 28699 | Lair:3   | Found a hole to the Spider Nest.
 28950 | Lair:4   | Reached skill level 15 in Fighting
 29135 | Lair:4   | You fall into a shaft and drop 1 floor!
 29135 | Lair:5   | Entered Level 5 of the Lair of Beasts
 29140 | Lair:5   | Reached XP level 13. HP: 129/147 MP: 15/19
 29167 | Lair:5   | HP: 73/149 [hell hound (4)]
 29172 | Lair:5   | HP: 59/149 [poisoned by a cane toad]
 29177 | Lair:5   | HP: 39/137 [poisoned by a cane toad]
 29182 | Lair:5   | HP: 51/137 [wolf (6)]
 29188 | Lair:5   | HP: 46/138 [wolf (3)]
 29195 | Lair:5   | HP: 47/138 [wolf (7)]
 29201 | Lair:5   | HP: 26/138 [wolf (7)]
 29432 | Lair:5   | HP: 63/134 [raiju/living lightning (21)]
 29969 | Lair:5   | HP: 67/137 [five-headed hydra (11)]
 30307 | Lair:5   | Reached skill level 12 in Translocations
 30328 | Lair:5   | Reached skill level 12 in Maces & Flails
 30351 | Lair:5   | Noticed Tutraar's ghost (journeyman DsGl)
 30380 | Lair:5   | Reached skill level 16 in Fighting
 30423 | Lair:5   | Found a bloodstained altar of Trog.
 30431 | Lair:5   | Found a transporter.
 30763 | Lair:4   | Gained mutation: You cannot study or cast Ice magic. [Ru
                  | sacrifice]
 30763 | Lair:4   | Gained mutation: You cannot study or cast Hexes magic. [Ru
                  | sacrifice]
 30763 | Lair:4   | Gained mutation: You cannot study or cast Conjurations
                  | magic. [Ru sacrifice]
 31165 | Lair:4   | Noticed Rupert
 31178 | Lair:4   | Killed Rupert
 31276 | Lair:4   | Reached skill level 17 in Fighting
 31423 | Lair:4   | Found a viscous altar of Jiyva.
 31528 | Lair:4   | Reached skill level 6 in Throwing
 31620 | Lair:4   | Found a staircase to the Slime Pits.
 33144 | Lair:4   | Reached skill level 18 in Fighting
 33390 | Lair:4   | HP: 67/139 [poisoned by a black mamba]
 33395 | Lair:4   | HP: 45/142 [poisoned by a black mamba]
 33400 | Lair:4   | HP: 41/142 [poisoned by a black mamba]
 34917 | Lair:5   | Reached XP level 14. HP: 150/163 MP: 8/20
 35526 | Lair:5   | Found a transporter.
 35927 | Lair:5   | Reached skill level 13 in Maces & Flails
 36868 | Lair:5   | Gained mutation: You occasionally shout uncontrollably at
                  | your foes. [Ru sacrifice]
 36868 | Lair:5   | Reached ****** piety under Ru
 38299 | Lair:5   | Reached skill level 14 in Maces & Flails
 38603 | Orc:1    | Entered Level 1 of the Orcish Mines
 39764 | Orc:1    | Found Hiosys's Book Shop.
 39971 | Orc:2    | Entered Level 2 of the Orcish Mines
 41242 | Orc:2    | Found Lymublip's Magic Scroll Shop.
 41245 | Orc:2    | Found Umeasker's Distillery.
 41430 | Orc:2    | Bought a potion of heal wounds for 55 gold pieces
 41430 | Orc:2    | Bought a potion of heal wounds for 55 gold pieces
 41441 | Orc:2    | Bought a scroll of identify for 28 gold pieces
 41441 | Orc:2    | Bought a scroll of blinking for 105 gold pieces
 41441 | Orc:2    | Bought a scroll of identify for 28 gold pieces
 41443 | Orc:2    | Bought a scroll of identify for 28 gold pieces
 41463 | Orc:2    | Found a staircase to the Elven Halls.
 41479 | Orc:2    | Noticed Erolcha
 41490 | Orc:2    | HP: 76/169 [Erolcha/+2 giant spiked club (46)]
 41501 | Orc:2    | HP: 68/169 [smoke demon/divine providence[an orc high
                  | priest] (10)]
 41506 | Orc:2    | HP: 49/169 [something/ball of steam[an orc high priest]
                  | (7)]
 42140 | Orc:2    | Noticed Azrael
 42153 | Orc:2    | Killed Azrael
 42333 | Orc:2    | Killed Erolcha
 43390 | Orc:2    | Reached skill level 15 in Maces & Flails
 43580 | Orc:2    | HP: 70/155 [sixfirhy[an orc high priest] (11)]
 43581 | Orc:2    | HP: 23/155 [sixfirhy[an orc high priest] (12)]
 43581 | Orc:2    | HP: 10/155 [red devil/+0 trident[an orc high priest] (12)]
 43586 | Orc:2    | HP: 37/156 [orange demon[an orc sorcerer] (3)]
 43591 | Orc:2    | HP: 27/156 [poisoned by an orange demon]
 43596 | Orc:2    | HP: 23/156 [poisoned by an orange demon]
 44784 | Orc:2    | Reached XP level 15. HP: 132/162 MP: 5/21
 44971 | Orc:2    | Found Cerous's Antique Armour Emporium.
 44971 | Orc:2    | Found Bajuigek's Jewellery Shoppe.
 44972 | Orc:2    | Found a one-way gate leading to the halls of Pandemonium.
 44976 | Orc:2    | Bought the amulet of Rewish {Acrobat Str+2} for 412 gold
                  | pieces
 44988 | Orc:2    | Bought an ancient cloak for 190 gold pieces
 44988 | Orc:2    | Identified the +1 cloak of the Wary Beggars {rF+ rCorr
                  | Dex+5} (You bought it in a shop on level 2 of the Orcish
                  | Mines)
 45297 | D:13     | Found a gate leading to a gauntlet.
 45324 | Gauntlet | Entered a Gauntlet
 45324 | Gauntlet | Found a transporter.
 45333 | Gauntlet | Found a transporter.
 45345 | Gauntlet | Found a transporter.
 45349 | Gauntlet | Found a transporter.
 45351 | Gauntlet | Found a large runed translucent door.
 45352 | Gauntlet | Found a large runed translucent door.
 45353 | Gauntlet | Found a large runed translucent door.
 45353 | Gauntlet | Found a large runed translucent door.
 45353 | Gauntlet | Found a runed translucent door.
 45354 | Gauntlet | Found a large runed translucent door.
 45355 | Gauntlet | Found a large runed translucent door.
 45356 | Gauntlet | Found a large runed translucent door.
 45356 | Gauntlet | Found a large runed translucent door.
 45357 | Gauntlet | Found a runed translucent gate.
 45365 | Gauntlet | Found a runed translucent gate.
 45365 | Gauntlet | Found a transporter.
 45366 | Gauntlet | Found a runed translucent gate.
 45366 | Gauntlet | Found a runed translucent door.
 45368 | Gauntlet | Found a large runed translucent door.
 45368 | Gauntlet | Found a large runed translucent door.
 45369 | Gauntlet | Found a large runed translucent door.
 45370 | Gauntlet | Found a large runed translucent door.
 45379 | Gauntlet | Found a large runed translucent door.
 45379 | Gauntlet | Found a large runed translucent door.
 45379 | Gauntlet | Found a transporter.
 45382 | Gauntlet | Found a large runed translucent door.
 45383 | Gauntlet | Found a large runed translucent door.
 45384 | Gauntlet | Found a transporter.
 45388 | Gauntlet | Found a transporter.
 45411 | Gauntlet | Found a transporter.
 45432 | Gauntlet | Found a transporter.
 45436 | Gauntlet | Found a transporter.
 45440 | Gauntlet | Found a runed translucent door.
 45444 | Gauntlet | Found a transporter.
 45509 | Gauntlet | HP: 77/168 [hell beast (21)]
 45514 | Gauntlet | HP: 54/168 [hell beast (2)]
 45834 | Gauntlet | Identified the +3 long sword of Drought {protect, rElec}
 45936 | Gauntlet | Identified the +8 dagger of the Wilderness {freeze, rN+}
 46426 | D:13     | Reached skill level 16 in Maces & Flails
 47592 | D:13     | Noticed Kirke
 47608 | D:13     | Killed Kirke
 48274 | D:12     | Bought the +8 lance "Wyrmbane" {slay drac, rPois rF+ rC+
                  | AC+3} for 808 gold pieces
 48274 | D:12     | Found the +8 lance "Wyrmbane" {slay drac, rPois rF+ rC+
                  | AC+3}
 48324 | D:12     | Identified the staff of cold "Jeczi" {rPois rC+ Will-
                  | Int+3}
 48675 | D:13     | Found a gate to the Vaults.
 49150 | D:14     | Reached skill level 1 in Polearms
 49627 | D:14     | Reached skill level 2 in Polearms
 51080 | D:14     | Reached skill level 3 in Polearms
 51276 | D:14     | You fall into a shaft and drop 1 floor!
 51276 | D:15     | Entered Level 15 of the Dungeon
 51480 | D:15     | Reached skill level 4 in Polearms
 52346 | D:15     | Reached skill level 17 in Maces & Flails
 53155 | D:15     | Found a staircase to the Depths.
 53596 | Shoals:1 | Entered Level 1 of the Shoals
 53820 | Lair:2   | HP: 71/176 [poisoned by a sea snake]
 54881 | Shoals:1 | Found Dich's Magic Scroll Boutique.
 54889 | Shoals:1 | Bought a scroll of blinking for 112 gold pieces
 54905 | Shoals:1 | Bought a scroll of enchant armour for 112 gold pieces
 54905 | Shoals:1 | Bought a scroll of enchant armour for 112 gold pieces
 54905 | Shoals:1 | Bought a scroll of identify for 30 gold pieces
 55077 | Shoals:1 | Noticed a titan
 55705 | Shoals:1 | Killed a titan
 55706 | Shoals:1 | Reached XP level 16. HP: 151/178 MP: 3/22
 56319 | Shoals:2 | Found Gemilug's General Store.
 56321 | Shoals:2 | Found a runed translucent door.
 56325 | Shoals:2 | Noticed olmar's ghost (adept GnFi)
 56341 | Shoals:2 | Bought a scroll of teleportation for 33 gold pieces
 56360 | Shoals:2 | Killed olmar's ghost
 56369 | Shoals:2 | Noticed Donald
 56383 | Shoals:2 | Killed Donald
 56685 | Shoals:2 | Found Dipsercho's Antique Armour Shoppe.
 56689 | Shoals:2 | Found Qekiaban's Antique Weapon Shop.
 56744 | Shoals:2 | Noticed Polyphemus
 56790 | Shoals:2 | Killed Polyphemus
 57196 | Shoals:1 | Noticed a kraken
 57353 | Shoals:1 | Killed a kraken
 57354 | Shoals:1 | Reached skill level 18 in Maces & Flails
 57779 | Shoals:2 | Found Voptoz's General Store.
 57795 | Shoals:2 | Found Cyumurom's Specific Store.
 57811 | Shoals:2 | HP: 90/182 [harpy (6)]
 57817 | Shoals:2 | Reached skill level 7 in Throwing
 57834 | Shoals:2 | HP: 72/184 [water elemental[a merfolk aquamancer] (7)]
 58201 | Shoals:2 | Bought a potion of cancellation for 136 gold pieces
 58211 | Shoals:2 | Identified Roxanne's Omnibus of Reconstruction
 58211 | Shoals:2 | Noticed Roxanne
 58451 | Shoals:2 | HP: 67/160 [Roxanne/iron shot (52)]
 58460 | Shoals:2 | Killed Roxanne
 58470 | Shoals:2 | Learned a level 6 spell: Statue Form
 58737 | Shoals:2 | Found Vusoip's Jewellery Shop.
 59105 | Shoals:3 | Noticed Bai Suzhen
 59115 | Shoals:2 | HP: 56/134 [Bai Suzhen/torrent of water (22)]
 59120 | Shoals:2 | HP: 21/134 [Bai Suzhen/torrent of water (16)]
 59125 | Shoals:2 | HP: 15/134 [Bai Suzhen] (33)]
 59126 | Shoals:2 | HP: 2/134 [Bai Suzhen/torrent of water (13)]
 59135 | Shoals:2 | HP: 18/134 [Bai Suzhen] (29)]
 59137 | Shoals:2 | Killed Bai Suzhen
 59138 | Shoals:2 | Reached skill level 1 in Transmutations
 59138 | Shoals:2 | Reached skill level 1 in Earth Magic
 60134 | Shoals:3 | Found a runed translucent door.
 60134 | Shoals:3 | Found a shimmering altar of Xom.
 60134 | Shoals:3 | Noticed fearitself's ghost (adept MiBe)
 60135 | Shoals:3 | Identified the +7 broad axe of Sityri {chaos, rF+ Int+4
                  | Dex+3}
 60486 | Shoals:3 | Reached skill level 2 in Earth Magic
 60624 | Shoals:3 | Reached skill level 2 in Transmutations
 60791 | Shoals:3 | Noticed a kraken
 61295 | Shoals:3 | Identified the +5 scale mail of Greater Demons {Stlth+}
 63108 | Shoals:3 | Killed a kraken
 63109 | Shoals:3 | Reached skill level 8 in Throwing
 63340 | Shoals:4 | Entered Level 4 of the Shoals
 63768 | Shoals:4 | Reached skill level 3 in Transmutations
 63768 | Shoals:4 | Reached skill level 3 in Earth Magic
 64320 | Shoals:4 | HP: 83/185 [wind drake/the air (19)]
 64798 | Shoals:4 | Reached skill level 5 in Spellcasting
 64808 | Shoals:4 | HP: 92/184 [merfolk impaler/+4 demon trident of draining
                  | (17)]
 64819 | Shoals:4 | HP: 83/170 [merfolk javelineer/+3 spear of distortion (4)]
 64824 | Shoals:4 | HP: 45/170 [merfolk javelineer/+3 spear of distortion (7)]
 66113 | Shoals:4 | Noticed Mlioglotl
 66120 | Shoals:4 | Killed Mlioglotl
 66178 | Shoals:4 | Reached skill level 6 in Spellcasting
 66178 | Shoals:4 | Reached skill level 4 in Earth Magic
 66178 | Shoals:4 | Reached XP level 17. HP: 157/169 MP: 1/26
 66181 | Shoals:4 | Reached skill level 4 in Transmutations
 66522 | Shoals:4 | Identified the +4 halberd of the Toadstool {vamp, rElec rF+
                  | SInv}
 66571 | Shoals:4 | HP: 83/174 [merfolk javelineer/silver javelin (19)]
 66576 | Shoals:4 | HP: 76/175 [poisoned by a merfolk javelineer]
 67064 | Shoals:4 | HP: 81/180 [merfolk impaler/+4 demon trident of draining
                  | (11)]
 67069 | Shoals:4 | HP: 67/160 [merfolk impaler/+4 demon trident of draining
                  | (24)]
 67070 | Shoals:4 | Identified the +4 flail of Ysorphama {speed, Will+ Dex+3}
 67070 | Shoals:4 | Identified the ring "Yrphin" {rN+ EV+5 Str-3 Int+3 Stlth+}
 67076 | Shoals:4 | HP: 61/153 [merfolk impaler/+4 demon trident of draining
                  | (5)]
 67082 | Shoals:4 | HP: 28/147 [merfolk/the +4 flail of Ysorphama {speed, Will+
                  | Dex+3}[a merfolk impaler] (5)]
 67424 | Shoals:4 | Reached skill level 7 in Spellcasting
 67556 | Shoals:4 | Got a barnacled rune of Zot
 68073 | Shoals:4 | Reached skill level 9 in Throwing
 68938 | Shoals:4 | HP: 74/170 [tentacle[a kraken] (18)]
 69244 | Spider:1 | Entered Level 1 of the Spider Nest
 70281 | Lair:3   | Reached skill level 8 in Spellcasting
 70281 | Lair:3   | Reached skill level 5 in Transmutations
 70281 | Lair:3   | Reached skill level 5 in Earth Magic
 73183 | Spider:1 | Found the +8 orange crystal plate armour {Archmagi, Int+3
                  | Clar}
 73754 | Spider:1 | Reached skill level 9 in Spellcasting
 74323 | Spider:1 | HP: 90/186 [tarantella (13)]
 75872 | Spider:2 | Reached skill level 6 in Earth Magic
 76123 | Spider:2 | Reached skill level 6 in Transmutations
 76319 | Spider:2 | Reached skill level 10 in Throwing
 76475 | Spider:2 | Reached skill level 10 in Spellcasting
 77700 | Spider:3 | Reached XP level 18. HP: 182/202 MP: 20/32
 78488 | Spider:3 | Reached skill level 7 in Earth Magic
 78581 | Spider:3 | Reached skill level 7 in Transmutations
 79968 | Spider:3 | Identified a scroll of acquirement
 80122 | Spider:4 | Entered Level 4 of the Spider Nest
 80140 | Spider:3 | HP: 94/204 [wolf spider (17)]
 80145 | Spider:3 | HP: 69/204 [poisoned by a wolf spider]
 80150 | Spider:3 | HP: 54/204 [poisoned by a wolf spider]
 80155 | Spider:3 | HP: 51/204 [poisoned by a wolf spider]
 81119 | Spider:4 | HP: 100/204 [poisoned by a jorogumo]
 81124 | Spider:4 | HP: 87/204 [meliai/divine providence (8)]
 81503 | Spider:4 | Reached skill level 8 in Transmutations
 81503 | Spider:4 | Reached skill level 8 in Earth Magic
 81859 | Spider:4 | Noticed Arachne
 82005 | Spider:3 | HP: 71/180 [Arachne/staff of poison (28)]
 82009 | Spider:3 | HP: 22/180 [Arachne/staff of poison (27)]
 82010 | Spider:3 | Killed Arachne
 82824 | Spider:4 | Paralysed by a jorogumo for 1 turns
 83025 | Spider:4 | Noticed Nikola
 83102 | Spider:3 | Killed Nikola
 83476 | Spider:4 | HP: 85/170 [poisoned by a wolf spider]
 83481 | Spider:4 | HP: 79/170 [poisoned by a wolf spider]
 84766 | Spider:4 | Reached skill level 9 in Earth Magic
 85164 | Spider:4 | Reached skill level 9 in Transmutations
 85832 | Spider:4 | Got a gossamer rune of Zot
 86040 | Spider:3 | Acquired 795 gold pieces
 86400 | Vaults:1 | Entered Level 1 of the Vaults
 86561 | Vaults:1 | HP: 94/199 [stone giant/large rock (27)]
 88066 | Vaults:1 | Reached XP level 19. HP: 211/211 MP: 16/33
 88122 | Vaults:1 | Reached skill level 10 in Earth Magic
 88220 | Vaults:1 | Reached skill level 10 in Transmutations
 89086 | Vaults:1 | Identified the ring of Gakk {Wiz rF+ rC+ Dex+2}
 90111 | Vaults:1 | Reached skill level 11 in Spellcasting
 91361 | Vaults:2 | Reached skill level 12 in Spellcasting
 91852 | Vaults:2 | HP: 86/214 [yaktaur captain/bolt (31)]
 92367 | Vaults:2 | Reached skill level 19 in Fighting
 92985 | Vaults:2 | Reached skill level 13 in Spellcasting
 93669 | Orc:2    | Bought a scroll of enchant armour for 105 gold pieces
 93672 | Orc:2    | Bought a scroll of identify for 28 gold pieces
 93951 | Vaults:2 | Learned a level 5 spell: Borgnjor's Vile Clutch
 94124 | Vaults:2 | Found Vibbam's Armour Shoppe.
 94228 | Vaults:2 | Found a staircase to the Crypt.
 94551 | Vaults:2 | Identified the +5 morningstar of Accidental Termination
                  | {flame, Int+4}
 95252 | Vaults:3 | Reached skill level 14 in Spellcasting
 95276 | Vaults:3 | Reached skill level 20 in Fighting
 95927 | Vaults:3 | HP: 92/221 [ironbound thunderhulk/bolt of lightning[a vault
                  | warden] (51)]
 95932 | Vaults:3 | HP: 91/221 [vault guard/+0 long sword[a vault warden] (3)]
 96433 | Vaults:3 | Reached XP level 20. HP: 231/231 MP: 23/38
 96811 | Vaults:3 | Reached skill level 21 in Fighting
 96904 | Vaults:3 | Reached skill level 1 in Necromancy
 97488 | Vaults:3 | Reached skill level 2 in Necromancy
 98296 | Vaults:3 | Reached skill level 3 in Necromancy
 99676 | Vaults:4 | Found Tavaawot's Armour Shop.
 99687 | Vaults:4 | Reached skill level 4 in Necromancy
 99717 | Vaults:4 | HP: 111/235 [deep troll[an ironbound preserver] (10)]
 99722 | Vaults:4 | HP: 63/235 [yaktaur captain/bolt (44)]
 99732 | Vaults:4 | HP: 62/236 [great orb of eyes (6)]
100276 | Shoals:2 | Bought the ring of the Hare {EV+10} for 1536 gold pieces
100276 | Shoals:2 | Found the ring of the Hare {EV+10}
101196 | Vaults:4 | Reached skill level 22 in Fighting
101196 | Vaults:4 | Reached skill level 5 in Necromancy
101837 | Vaults:4 | Reached skill level 6 in Necromancy
102054 | Vaults:4 | Noticed a golden dragon
102369 | Vaults:4 | Reached skill level 7 in Necromancy
102496 | Vaults:4 | Killed a golden dragon
103018 | Elf:1    | Entered Level 1 of the Elven Halls
103664 | Elf:1    | Reached skill level 8 in Necromancy
104304 | Elf:1    | Reached XP level 21. HP: 242/242 MP: 0/39
105980 | Elf:1    | Found a runed translucent gate.
105980 | Elf:1    | Found a runed translucent gate.
105980 | Elf:1    | Found a runed translucent gate.
105980 | Elf:1    | Found a runed translucent gate.
105980 | Elf:1    | Found a runed translucent gate.
105981 | Elf:1    | Found a runed translucent gate.
106435 | Elf:2    | Paralysed by an air elemental for 1 turns
106438 | Elf:2    | Paralysed by an air elemental for 1 turns
106670 | Elf:2    | Reached skill level 9 in Necromancy
107764 | Elf:2    | Found Mauthow's Armour Boutique.
108538 | Elf:2    | Found Fuloet's Armour Shop.
108546 | Elf:2    | Bought the +0 mask of the Dragon {Will+ Slay+3 SInv} for
                  | 634 gold pieces
108546 | Elf:2    | Found the +0 mask of the Dragon {Will+ Slay+3 SInv}
108607 | Elf:2    | Found a runed translucent gate.
108608 | Elf:2    | Found a runed translucent gate.
108608 | Elf:2    | Found a runed translucent gate.
108642 | Elf:2    | Found Zedenn's Book Shoppe.
108890 | Elf:3    | Entered Level 3 of the Elven Halls
108914 | Elf:3    | Found an ancient bone altar of Kikubaaqudgha.
109650 | Elf:3    | Reached skill level 11 in Earth Magic
109879 | Elf:3    | Acquired 348 gold pieces
110015 | Elf:3    | Reached skill level 11 in Transmutations
110926 | Elf:3    | Identified the +4 war axe of Gluttony {vamp, +Blink rN+++
                  | rCorr Dex-2}
110954 | Elf:3    | HP: 140/318 [deep elf sorcerer/bolt of acid (25)]
113020 | Elf:3    | Found the +2 shield of Resistance {rF++ rC++ Will++}
113023 | Elf:3    | Identified the +0 helmet of Hide-and-Seek {Slay+3}
113025 | Elf:3    | Identified the staff of cold "Waptafa" {Contam rElec rC+
                  | rN+}
113124 | Elf:3    | Identified the staff of death "Riwiv" {rN+ Str+2}
113147 | Elf:3    | Identified the staff of air "Oligy" {rElec Int+2}
113154 | Elf:3    | Got the Codex of the Assassin and Exhalation
113155 | Elf:3    | Identified the staff of air "Geexaom" {rElec rF- Int+5}
113431 | Depths:1 | Entered Level 1 of the Depths
113603 | Depths:1 | Reached skill level 1 in Shields
114428 | Depths:1 | Reached skill level 2 in Shields
114434 | Depths:1 | Reached skill level 12 in Earth Magic
114732 | Depths:1 | Reached skill level 12 in Transmutations
114750 | Depths:1 | Reached skill level 3 in Shields
115207 | Depths:1 | Reached skill level 4 in Shields
115210 | Depths:1 | Reached XP level 22. HP: 254/254 MP: 7/40
115350 | Depths:1 | Found a stormy altar of Qazlal.
116087 | Depths:1 | Reached skill level 5 in Shields
116415 | Depths:1 | Found a gateway to Hell.
116611 | Depths:1 | Found a one-way gateway to a ziggurat.
117918 | Depths:1 | Reached skill level 6 in Shields
118743 | Depths:1 | Reached skill level 7 in Shields
119056 | Depths:1 | Biggs: Hey
119992 | Depths:2 | Jackthecabe: Howdy
120006 | Depths:2 | Biggs: do you remember bill nye the science guy?
120006 | Depths:2 | Jackthecabe: Of course
120397 | Depths:2 | Found a shimmering blue altar of Sif Muna.
120475 | Depths:2 | Biggs: How about cherry pie, or american pie
120477 | Depths:2 | Reached skill level 5 in Polearms
120477 | Depths:2 | Reached skill level 8 in Shields
120606 | Depths:2 | Biggs: Apple pie, if it's warren g
120859 | Depths:2 | Identified the staff of death "Seleacol" {rN+ Int+4}
120930 | Depths:2 | Biggs: didn't realize it until just now, every pie has a
                  | fucked up american term associated with it
121165 | Depths:2 | Identified the +5 ring mail "Edaagas" {+Inv rElec Will+
                  | Str-3 Dex+2}
121600 | Depths:3 | Biggs: a cherry pie is usually a stripper, or someone named
                  | tiffany or stephanie
121623 | Depths:2 | Biggs: red headed
121623 | Depths:2 | Jackthecabe: Was gonna say what's fucked up about cherry
                  | pie. Haven't heard that before
121676 | Depths:3 | Noticed Margery
121890 | Depths:3 | Reached skill level 6 in Polearms
121890 | Depths:3 | Killed Margery
122137 | Depths:3 | Identified the +11 hand axe "Jufybuum" {protect, rC+ Dex+3
                  | SInv}
122144 | Depths:2 | Biggs: have you ever had a fat girl that you're friends
                  | with try to get intimate with you?
122504 | Depths:3 | Reached skill level 9 in Shields
122575 | Depths:3 | Biggs: bout to go smoke this joint.. talk to you about it
                  | if you're still playing when i get back
122781 | Depths:3 | Biggs: fat bitch rolled over fkin knocked the wind out of
                  | me
122855 | Depths:3 | Found a radiant altar of Vehumet.
122983 | Depths:3 | Found a one-way gate to the infinite horrors of the Abyss.
123058 | Depths:3 | Identified the +1 dagger of Nonin {flame, Fragile rElec
                  | Dex+2}
123066 | Depths:3 | Noticed a golden dragon
123067 | Depths:3 | Identified the staff of poison "Edaxid" {rPois rC+ Dex+4}
123083 | Depths:3 | Killed a golden dragon
123554 | Depths:3 | Noticed Mennas
123564 | Depths:3 | Reached skill level 7 in Polearms
123567 | Depths:3 | Killed Mennas
123682 | Depths:3 | Found the +4 robe of Folly {Brill Will-∞ Int+8}
123691 | Depths:3 | Identified the +2 hat "Otsoy" {Dex+3}
123705 | Depths:3 | Found a radiant altar of Vehumet.
123739 | Depths:3 | Identified the +1 robe of Gravitas {rC+ Str+2 Int+4 Dex+3}
124269 | Depths:4 | Entered Level 4 of the Depths
124282 | Depths:4 | Reached skill level 10 in Shields
124821 | Depths:3 | Reached skill level 8 in Polearms
125270 | Depths:3 | Biggs: You're still alive, nice.
125744 | Depths:4 | Biggs: When you were a kid, what was your worst fear?
125751 | Depths:4 | Biggs: Mine was dolls.. fkin chucky
125754 | Depths:4 | Jackthecabe: Yeah, surprised I've made it this far tbh
125754 | Depths:4 | Jackthecabe: I've been scared of spiders my whole life
126019 | Depths:4 | Reached XP level 23. HP: 242/255 MP: 28/41
126084 | Depths:4 | Biggs: Best rendition that I can think of is in the Lord of
                  | the Rings, Giant spider gets Sam's bf
126410 | Depths:4 | Biggs: Unless you play games like Baldur's Gate, Icewind
                  | Dale or Neverwinter Nights
126728 | Depths:4 | Biggs: Those games are like.. 25+ years old though
126921 | Depths:4 | Reached skill level 9 in Polearms
127124 | Depths:4 | Noticed a juggernaut
127126 | Depths:4 | Biggs: Sometimes you just gotta let it hang
127128 | Depths:4 | Biggs: and other times, you have to ram it home
127133 | Depths:4 | Killed a juggernaut
127134 | Depths:4 | Reached skill level 11 in Shields
127298 | Depths:4 | Biggs: if you want to be respectful, blindfold them
127758 | Depths:4 | Found a gate to the Realm of Zot.
127765 | Depths:4 | Biggs: stretch that respect out morphin your head through
                  | the wall
128206 | Depths:4 | Biggs: what the hell is a cabe?
128206 | Depths:4 | Biggs: I hope it's not a dude
128206 | Depths:4 | Biggs: or the name of a dudes member
128206 | Depths:4 | Biggs: We don't wanna be jackin cabe in here
128206 | Depths:4 | Biggs: we can jack off all of the cabe's
128489 | Slime:1  | Entered Level 1 of the Pits of Slime
128490 | Slime:1  | Biggs: is that what your name means?
128509 | Slime:1  | Biggs: I'm kidding. Ignore my toxicity
128519 | Slime:1  | Biggs: more toxic than these slimes
128536 | Slime:1  | Biggs: to catch a predator
128536 | Slime:1  | Biggs: funions and condoms
128869 | Slime:2  | Reached skill level 10 in Polearms
129267 | Slime:2  | HP: 107/228 [slime creature (10)]
129272 | Slime:2  | HP: 76/228 [slime creature (14)]
129277 | Slime:2  | HP: 27/228 [very large slime creature (49)]
129283 | Slime:2  | HP: 57/228 [slime creature (1)]
129290 | Slime:2  | HP: 45/228 [slime creature (2)]
131356 | Slime:2  | Reached skill level 12 in Shields
131429 | Slime:4  | Gained mutation: Your body sometimes deteriorates upon
                  | taking damage. [a shining eye]
131438 | Slime:4  | Paralysed by a floating eye for 4 turns
131440 | Slime:4  | Gained mutation: Your body often deteriorates upon taking
                  | damage. [a shining eye]
131443 | Slime:4  | Gained mutation: You are frail. (-10% HP) [a shining eye]
131502 | Slime:4  | Gained mutation: You occasionally lose the ability to read
                  | scrolls when taking damage. [a shining eye]
131502 | Slime:4  | Gained mutation: Your spells are a little easier to cast,
                  | but a little less powerful. [a shining eye]
131503 | Slime:4  | Gained mutation: Your spells are easier to cast, but less
                  | powerful. [a shining eye]
131512 | Slime:3  | Lost mutation: Your spells are easier to cast, but less
                  | powerful. [potion of mutation]
131512 | Slime:3  | Lost mutation: You are frail. (-10% HP) [potion of
                  | mutation]
131512 | Slime:3  | Lost mutation: Your spells are a little easier to cast, but
                  | a little less powerful. [potion of mutation]
131512 | Slime:3  | Lost mutation: Your body often deteriorates upon taking
                  | damage. [potion of mutation]
131512 | Slime:3  | Gained mutation: You expend magic power (3 MP) to
                  | strengthen your wands. [potion of mutation]
131515 | Slime:3  | Lost mutation: Your body sometimes deteriorates upon taking
                  | damage. [potion of mutation]
131515 | Slime:3  | Lost mutation: You occasionally lose the ability to read
                  | scrolls when taking damage. [potion of mutation]
131515 | Slime:3  | Lost mutation: You expend magic power (3 MP) to strengthen
                  | your wands. [potion of mutation]
131515 | Slime:3  | Gained mutation: Your spells are a little easier to cast,
                  | but a little less powerful. [potion of mutation]
131515 | Slime:3  | Gained mutation: You are agile. (Dex +4, Str/Int -1)
                  | [potion of mutation]
131696 | Slime:5  | Entered Level 5 of the Pits of Slime
132132 | Slime:5  | Gained mutation: You are occasionally teleported next to
                  | monsters. [a shining eye]
132137 | Slime:4  | Lost mutation: You are occasionally teleported next to
                  | monsters. [potion of mutation]
132137 | Slime:4  | Lost mutation: Your spells are a little easier to cast, but
                  | a little less powerful. [potion of mutation]
132137 | Slime:4  | Gained mutation: You occasionally lose the ability to read
                  | scrolls when taking damage. [potion of mutation]
132137 | Slime:4  | Gained mutation: You sometimes lose the ability to read
                  | scrolls when taking damage. [potion of mutation]
132138 | Slime:4  | Lost mutation: You are agile. (Dex +4, Str/Int -1) [potion
                  | of mutation]
132138 | Slime:4  | Lost mutation: You sometimes lose the ability to read
                  | scrolls when taking damage. [potion of mutation]
132138 | Slime:4  | Gained mutation: You are partially covered in iridescent
                  | scales. (AC +2) [potion of mutation]
132138 | Slime:4  | Gained mutation: You expend magic power (3 MP) to
                  | strengthen your wands. [potion of mutation]
132139 | Slime:4  | Lost mutation: You expend magic power (3 MP) to strengthen
                  | your wands. [potion of mutation]
132139 | Slime:4  | Lost mutation: You occasionally lose the ability to read
                  | scrolls when taking damage. [potion of mutation]
132139 | Slime:4  | Lost mutation: You are partially covered in iridescent
                  | scales. (AC +2) [potion of mutation]
132139 | Slime:4  | Gained mutation: Your body sometimes deteriorates upon
                  | taking damage. [potion of mutation]
132139 | Slime:4  | Gained mutation: Your muscles are strong. (Str +4, Int/Dex
                  | -1) [potion of mutation]
132221 | Slime:5  | HP: 158/322 [acid (10)]
132225 | Slime:5  | HP: 77/322 [azure jelly (6)]
133116 | Slime:5  | Noticed the Royal Jelly
133541 | Slime:4  | Reached skill level 11 in Polearms
134547 | Slime:4  | Noticed Dissolution
135640 | Slime:5  | Found a viscous altar of Jiyva.
136340 | Slime:5  | Killed the Royal Jelly
136596 | Slime:5  | Identified the +5 morningstar of Weom {vamp, *Noise Dex+6}
136603 | Slime:5  | Identified the staff of conjuration "Leohaot" {rC+}
136627 | Slime:5  | Got a slimy rune of Zot
136628 | Slime:5  | Identified the ring of Gobryn {rF+ Int+2}
136631 | Slime:5  | Identified the +2 glaive of Nemelex Xobeh's Envy {flame,
                  | rF+}
136689 | Slime:5  | Identified the amulet of Leyrant {RegenMP Will+ SInv}
137220 | Zot:1    | Entered Level 1 of the Realm of Zot
137240 | Zot:1    | Jackthecabe: ??wyrmbane
137240 | Zot:1    | beem: wyrmbane[1/3]: (polearms; +4 acc / 8 dam / 1.1 base
                  | delay / 0.5 min delay) A scale-covered lance +8 Wyrmbane
                  | {slay drac, rPois rF+ rC+ AC+3}. Gains +1 enchantment every
                  | time it lands the finishing blow against a {slay drac}
                  | affected monster (up to the lower of +18 or the dragon's
                  | HD).
137240 | Zot:1    | Jackthecabe: ??wyrmbane[2
137240 | Zot:1    | beem: wyrmbane[2/3]: List of dragons and draconians by HD:
                  | http://git.io/AjgWEQ
137240 | Zot:1    | Jackthecabe: ??wyrmbane[3
137240 | Zot:1    | beem: wyrmbane[3/3]: Dragon zombies and skeletons have the
                  | same HD as the normal ones, making Crypts a potentially
                  | non-intuitive, but lucrative place, to gain enchantments.
137286 | Zot:1    | Reached skill level 13 in Shields
138663 | Zot:1    | Reached skill level 12 in Polearms
138992 | Zot:1    | Reached XP level 24. HP: 273/273 MP: 26/41
139848 | Zot:2    | Noticed a Killer Klown
139878 | Zot:1    | Killed a Killer Klown
139879 | Zot:1    | Reached skill level 14 in Shields
140638 | Zot:2    | Acquired 703 gold pieces
140990 | D:4      | Bought a scroll of blinking for 105 gold pieces
141206 | Orc:2    | Bought a potion of brilliance for 44 gold pieces
141206 | Orc:2    | Bought a potion of curing for 33 gold pieces
141206 | Orc:2    | Bought a potion of curing for 33 gold pieces
141206 | Orc:2    | Bought a potion of haste for 110 gold pieces
141206 | Orc:2    | Bought a potion of ambrosia for 88 gold pieces
141206 | Orc:2    | Bought a potion of cancellation for 88 gold pieces
141235 | Orc:2    | Bought the dreamshard necklace {*Dream Drain} for 2000 gold
                  | pieces
141235 | Orc:2    | Found the dreamshard necklace {*Dream Drain}
143212 | Zot:2    | Acquired 1171 gold pieces
143369 | Zot:2    | HP: 131/274 [wandering mushroom[a curse toe] (8)]
143370 | Zot:2    | HP: 63/274 [??? (61)]
143375 | Zot:2    | HP: 25/274 [deathcap[a curse toe] (9)]
144424 | Zot:3    | Noticed Grunn
144447 | Zot:3    | Killed Grunn
145778 | Zot:3    | Noticed an orb of fire
145790 | Zot:3    | Gained mutation: You passively dampen the noise of your
                  | surroundings. [an orb of fire]
145797 | Zot:3    | Killed an orb of fire
146044 | Zot:3    | Reached skill level 15 in Shields
146506 | Zot:3    | Reached skill level 13 in Earth Magic
146780 | Zot:3    | Reached skill level 23 in Fighting
148386 | Zot:4    | Noticed an orb of fire
148387 | Zot:4    | Noticed an orb of fire
148388 | Zot:4    | Lost mutation: Your muscles are strong. (Str +4, Int/Dex
                  | -1) [an orb of fire]
148671 | Zot:4    | Noticed an orb of fire
148682 | Zot:4    | Gained mutation: You occasionally lose the ability to drink
                  | potions when taking damage. [an orb of fire]
148690 | Zot:4    | Gained mutation: Your magical capacity is low. (-10% MP)
                  | [an orb of fire]
148695 | Zot:4    | Killed an orb of fire
149086 | Zot:4    | Gained mutation: You are occasionally teleported next to
                  | monsters. [an orb of fire]
149092 | Zot:4    | Gained mutation: You are often teleported next to monsters.
                  | [an orb of fire]
149106 | Zot:4    | Killed an orb of fire
149107 | Zot:4    | Reached XP level 25. HP: 287/287 MP: 34/36
149141 | Zot:3    | Lost mutation: You passively dampen the noise of your
                  | surroundings. [potion of mutation]
149141 | Zot:3    | Lost mutation: Your body sometimes deteriorates upon taking
                  | damage. [potion of mutation]
149141 | Zot:3    | Lost mutation: You are often teleported next to monsters.
                  | [potion of mutation]
149141 | Zot:3    | Gained mutation: You have a pair of small horns on your
                  | head. [potion of mutation]
149141 | Zot:3    | Gained mutation: You are agile. (Dex +4, Str/Int -1)
                  | [potion of mutation]
149142 | Zot:3    | Lost mutation: You are occasionally teleported next to
                  | monsters. [potion of mutation]
149142 | Zot:3    | Lost mutation: You have a pair of small horns on your head.
                  | [potion of mutation]
149142 | Zot:3    | Lost mutation: You are agile. (Dex +4, Str/Int -1) [potion
                  | of mutation]
149142 | Zot:3    | Lost mutation: You occasionally lose the ability to drink
                  | potions when taking damage. [potion of mutation]
149142 | Zot:3    | Gained mutation: Your mind is acute. (Int +4, Str/Dex -1)
                  | [potion of mutation]
150678 | Zot:3    | HP: 130/270 [yellow draconian annihilator/glob of acid
                  | (17)]
151628 | Zot:4    | Reached skill level 13 in Transmutations
151833 | Zot:4    | Killed an orb of fire
151834 | Zot:4    | Reached skill level 14 in Earth Magic
151966 | Zot:4    | Reached skill level 24 in Fighting
153821 | Zot:5    | Entered Level 5 of the Realm of Zot
155043 | Zot:5    | Noticed an ancient lich
155065 | Zot:5    | Killed an ancient lich
155304 | Zot:5    | Noticed a dread lich
155324 | Zot:5    | Killed a dread lich
155325 | Zot:5    | Reached skill level 25 in Fighting
155440 | Zot:5    | Noticed an ancient lich
155478 | Zot:5    | Killed an ancient lich
155570 | Zot:5    | Noticed a Killer Klown
155583 | Zot:5    | Noticed an ancient lich
155589 | Zot:5    | Noticed an ancient lich
155590 | Zot:5    | Killed a Killer Klown
155595 | Zot:5    | Noticed an ancient lich
155597 | Zot:5    | Noticed an orb of fire
155614 | Zot:5    | Killed an ancient lich
155695 | Zot:5    | HP: 147/296 [Orb Guardian (15)]
155701 | Zot:5    | HP: 169/384 [Orb Guardian (1)]
155707 | Zot:5    | HP: 163/384 [Orb Guardian (10)]
156067 | Zot:5    | Noticed a Killer Klown
156074 | Zot:5    | Gained mutation: You are vulnerable to cold. (rC-) [an orb
                  | of fire]
156081 | Zot:5    | Killed an ancient lich
156081 | Zot:5    | Gained mutation: You have supernaturally acute eyesight.
                  | (SInv) [an orb of fire]
156093 | Zot:5    | Gained mutation: You possess an exceptional clarity of
                  | mind. [an orb of fire]
156099 | Zot:5    | Killed an orb of fire
156249 | Zot:5    | Noticed a Killer Klown
156251 | Zot:5    | Noticed a Killer Klown
156284 | Zot:5    | Killed a Killer Klown
156285 | Zot:5    | Reached skill level 14 in Transmutations
156294 | Zot:5    | Killed a Killer Klown
156619 | Zot:5    | Noticed an ancient lich
156623 | Zot:5    | Killed an ancient lich
156633 | Zot:5    | Killed an ancient lich
156634 | Zot:5    | Reached skill level 26 in Fighting
156820 | Zot:5    | Noticed a Killer Klown
156834 | Zot:5    | Killed a Killer Klown
156989 | Zot:5    | Reached XP level 26. HP: 309/309 MP: 25/36
157061 | Zot:5    | Noticed an ancient lich
157076 | Zot:5    | Killed an ancient lich
157518 | Zot:5    | Noticed an ancient lich
157535 | Zot:5    | Killed an ancient lich
158078 | Zot:5    | Noticed an orb of fire
158083 | Zot:5    | Noticed an ancient lich
158084 | Zot:5    | Gained mutation: You have a pair of small antennae on your
                  | head. [an orb of fire]
158088 | Zot:5    | Lost mutation: Your mind is acute. (Int +4, Str/Dex -1) [an
                  | orb of fire]
158103 | Zot:5    | Killed an orb of fire
158113 | Zot:5    | Killed an ancient lich
158296 | Zot:5    | Reached skill level 27 in Fighting
158298 | Zot:5    | Reached skill level 2 in Dodging
158381 | Zot:5    | Reached skill level 3 in Dodging
159787 | Zot:5    | Got the Orb of Zot
159937 | Zot:3    | Reached skill level 4 in Dodging
160109 | Depths:3 | Noticed Ifiakoh the pandemonium lord
160144 | Depths:1 | Reached skill level 5 in Dodging
160189 | D:15     | Noticed Soiteatith the pandemonium lord
160534 | D:6      | Noticed Pujuam the pandemonium lord
160676 | D:$      | Escaped with the Orb!

Illustrated notes

Levels and vault maps discovered:
D:1:      lemuel_arrival_behind_the_door_small, layout_loops_ring,
          dk_noncrumbling_2
D:2:      layout_loops_ring, serial_shops, shop, minmay_vboxes
D:3:      layout_rooms, nicolae_elyvilon_temple_path,
          chequers_ecumenical_altar_grove, kennysheep_big_empty_room
D:4:      layout_layer_cave, temple_doors_e, serial_shops,
          nicolae_shop_advertising_works [nicolae_subvault_shop_adworks],
          lightli_corner_chamber
D:5:      nicolae_BIG_FREAKIN_CUBE, layout_basic
D:6:      layout_layer_cave, nicolae_overflow_two_pavilions,
          mainiacjoe_overflow_boulevard
D:7:      layout_rooms
D:8:      layout_basic
D:9:      layout_irregular_city, mainiacjoe_overflow_large_starburst
D:10:     layout_basic, chequers_garden, nicolae_wwwww
D:11:     layout_cave_pods, dpeg_lair_monsters, erik_orc_4, serial_shops,
          nicolae_shop_waterfront, shop
D:12:     layout_long_grid, serial_shops, shop, serial_demonic,
          serial_demonic_e, serial_demonic_d, serial_demonic_c,
          serial_demonic_a, minmay_lindwurm_lava
D:13:     layout_basic, david_vaults_4, gauntlet_entry_generic, uniq_kirke
D:14:     layout_basic
D:15:     grunt_enter_depths_hoard, layout_irregular_city, glass_columns_a,
          minmay_misc_feat_enclosed
Temple:   nicolae_temple_slightly_damp_pantheon
Lair:1:   layout_roguey, infiniplex_staircase_pool_2
Lair:2:   layout_hall_layers, elwin_shoals_entry_rocks, lemuel_fruit_tree,
          infiniplex_staircase_pool
Lair:3:   layout_loops_ring, spider_nest_entry_funnel_web, basic_altar,
          serial_bayou_pond_a, uniq_fannar, uniq_amaemon, uniq_nessos
Lair:4:   layout_roguey, minmay_slime_entry_oklob_enclosed,
          portal_ice_cave_entry_imps, grunt_megastairs_4, uniq_rupert
Lair:5:   hangedman_lair_in_review, layout_hall_layers,
          hangedman_lair_caniforms_friends, gammafunk_ghost_wrathful_warriors,
          minivault_11
Shoals:1: cheibrodos_shoals_gigantism, layout_shoals, nicolae_shoals_c_island
Shoals:2: layout_shoals, serial_shops, nicolae_take_the_stairs,
          nicolae_shop_gaudy_bauble, shop, shop, gammafunk_ghost_grave,
          nicolae_specific_store, uniq_polyphemus, uniq_roxanne, uniq_donald
Shoals:3: layout_shoals, ebering_ghost_xom, uniq_bai_suzhen
Shoals:4: shoals_end_hangedman, layout_shoals,
          nicolae_shoals_stone_sculpture_thing, nicolae_shoals_goliath_grotto,
          uniq_mlioglotl
Spider:1: nicolae_spider_hilbert_zone_5 [nicolae_spider_hilbert_3_sides_1_open,
          nicolae_spider_hilbert_4_sides_1_open,
          nicolae_spider_hilbert_4_sides_1_open,
          nicolae_spider_hilbert_6_sides_1_open,
          nicolae_spider_hilbert_6_sides_1_open], nicolae_spider_solar_radiation
Spider:2: layout_spider_delve, hellmonk_narrow_tunnel
Spider:3: layout_spider_delve, drop_trap, spiders_nest_hornet_nest,
          hangedman_spider_tarantella_strand
Spider:4: johnstein_spider_rune_arachne_lair, uniq_nikola
Slime:1:  layout_caves
Slime:2:  cheibrodos_slime_lost_civilization_2, layout_caves
Slime:3:  layout_caves
Slime:4:  layout_caves, uniq_dissolution
Slime:5
Orc:1:    layout_caves, serial_shops, shop, lightli_orcish_oven, uniq_josephine
Orc:2:    pf_orc_diabolical, layout_caves, uniq_azrael, uniq_erolcha
Elf:1:    minmay_elf_crystal_pentagon, layout_geoelf_grid, orc_legates
Elf:2:    nicolae_elf_blades_crystal_corner, layout_rooms, serial_shops, shop,
          nicolae_diamond_shop, shop, grunt_ministairs_9
Elf:3:    grunt_elf_hall_diamonds, layout_geoelf_castle, basic_altar,
          corexii_leaking_fountain, minmay_misc_feat_five
Vaults:1: nicolae_vaults_sightless_eye, v_misc_30,
          nicolae_vaults_little_squares_4, nicolae_vaults_tetromino_T_2,
          nicolae_vaults_prndl, nicolae_vaults_diffraction_hallways, v_misc_2,
          v_rooms_1, ontoclasm_vaults_loading_screen, vaults_mumra_chevron_long,
          ontoclasm_vaults_claustrophobia, grunt_vaults_twisty,
          nicolae_vaults_mini_display_case, nicolae_vaults_prndl,
          layout_vaults_omnicross
Vaults:2: ontoclasm_vaults_eye, nicolae_vaults_stepped_doors,
          hangedman_vaults_stagger, nicolae_vaults_tangram_1,
          minmay_crypt_entry_simple_statues, nicolae_vaults_surprise_closet,
          vaults_mumra_lcd, nicolae_vaults_tetromino_T_2, v_misc_2,
          hangedman_vaults_maws, nicolae_vaults_trapezoid_1,
          nicolae_vaults_tetromino_L_2,
          nicolae_vaults_antechamber_and_loot_room, layout_vaults_maze_snakey,
          serial_shops, nicolae_shop_tiny_statue_garden
Vaults:3: nicolae_vaults_trapezoid_lopsided_1,
          nicolae_vaults_door_testing_chamber, nicolae_vaults_double_plus_3,
          ontoclasm_vaults_fault, nicolae_vaults_sealed_display, v_misc_26,
          nicolae_vaults_security_offices_2, v_rooms_2, hangedman_vaults_trim,
          ontoclasm_vaults_twist, nicolae_vaults_six-pack,
          grunt_vaults_hallway_short, vaults_room_pool,
          hangedman_vaults_stretched_pinwheel, layout_vaults_big_room
Vaults:4: ontoclasm_vaults_ring_square, nicolae_vaults_more_shelving_1,
          vaults_dpeg_diagonal, nicolae_vaults_diagonal_hallway_7,
          nicolae_vaults_little_squares_6, vaults_room_pool,
          vaults_room_guarded_vault, dpeg_vaults_monster_box,
          nicolae_vaults_double_plus_1, layout_vaults_omnigrid
Depths:1: layout_forbidden_donut, enter_ziggurat_c, minmay_misc_feat_room,
          pf_hell_entry_great_geh, drop_trap, nicolae_sextant,
          grunt_qazlal_clouds
Depths:2: kennysheep_six_static_rooms, layout_honeycomb,
          lemuel_coloured_pillars_altar, rand_demon_pan_entry_3, hell_entry,
          minmay_pinched_square, serial_bayou_shore_b
Depths:3: minmay_the_grid_triangle_9x9_rhombus_full_mashed
          [minmay_the_grid_triangle_9x9_flanged_cone,
          minmay_the_grid_triangle_9x9_minimal,
          minmay_the_grid_triangle_9x9_from_above,
          minmay_the_grid_triangle_9x9_sparse_checkered,
          minmay_the_grid_triangle_9x9_cache,
          minmay_the_grid_triangle_9x9_odd_lines,
          minmay_the_grid_triangle_9x9_empty,
          minmay_the_grid_triangle_9x9_prize_insulated], layout_basic,
          abyss_entry, nicolae_vehumet_radiance, grunt_metal_band,
          grunt_tower_of_power, uniq_mennas
Depths:4: grunt_zot_entry_bicorn, layout_cave_pools, hellmouth_1,
          nicolae_two_hexagons
Zot:1:    layout_twisted_circle
Zot:2:    layout_cellular_growth
Zot:3:    grunt_zot_stairs_mandelzot, layout_gridlike, grunt_ministairs_11,
          uniq_grunn
Zot:4:    kennysheep_room_grid, layout_cellular_growth, lemuel_lake_of_fire
Zot:5:    layout_basic

Skill      XL: |  1  2  3  4  5  6  7  8  9 10 11 12 13 14 15 16 17 18 19 20 21 22 23 24 25 26 |
---------------+-------------------------------------------------------------------------------+-----
Maces & Flails | 2 3 4 5 6 7 9 11 12 11 12 15 17 18 | 18.1
Fighting       | 3 6 8 12 14 15 18 20 22 23 26 27 | 27.0
Translocations | 3 5 7 9 11 11 12 | 12.0
Spellcasting   | 3 4 4 6 10 14 | 14.0
Throwing       | 2 5 6 5 6 8 10 | 10.0
Dodging        | 1 5 |  5.3
Polearms       | 4 8 12 | 12.0
Transmutations | 3 6 9 10 12 14 | 14.0
Earth Magic    | 4 6 9 10 12 13 14 | 14.0
Necromancy     | 8 9 |  9.0
Shields        | 4 10 13 15 | 15.0

Action                     |  1- 3 |  4- 6 |  7- 9 | 10-12 | 13-15 | 16-18 | 19-21 | 22-24 | 25-27 || total
---------------------------+-------+-------+-------+-------+-------+-------+-------+-------+-------++-------
  Melee: Mace              |    94 |       |     9 |       |       |       |       |       |       ||   103
         Flail             |    79 |   205 |   477 |       |       |       |       |       |       ||   761
         Punch             |       |     2 |     8 |       |       |       |     2 |     2 |       ||    14
         Great mace        |       |       |   134 |   676 |  1690 |  1937 |  1891 |   266 |       ||  6594
         Lance             |       |       |       |       |    25 |     6 |    39 |  2018 |   932 ||  3020
         Unarmed           |       |       |       |       |     1 |       |       |       |       ||     1
  Throw: Dart              |       |       |     3 |     1 |    12 |     3 |       |       |       ||    19
         Boomerang         |       |       |     9 |       |       |       |       |       |       ||     9
         Large rock        |       |       |       |       |     2 |    14 |     9 |    12 |       ||    37
         Throwing net      |       |       |       |       |       |       |       |     1 |       ||     1
   Cast: Manifold Assault  |       |       |    30 |   334 |   760 |   775 |   824 |   659 |   228 ||  3610
         Vhi's Electric Ch |       |       |       |       |     1 |     2 |     1 |     1 |       ||     5
         Blink             |       |       |       |       |       |     1 |       |     1 |     1 ||     3
         Statue Form       |       |       |       |       |       |     6 |    72 |    74 |    25 ||   177
 Invoke: Sacrifice Experie |       |       |     1 |       |       |       |       |       |       ||     1
         Sacrifice an Eye  |       |       |       |     1 |       |       |       |       |       ||     1
         Sacrifice Durabil |       |       |       |     1 |       |       |       |       |       ||     1
         Draw Out Power    |       |       |       |     2 |     2 |     4 |       |     1 |       ||     9
         Apocalypse        |       |       |       |     1 |     6 |     6 |       |     7 |     2 ||    22
         Sacrifice Skill   |       |       |       |     1 |       |       |       |       |       ||     1
         Sacrifice Arcana  |       |       |       |       |     1 |       |       |       |       ||     1
         Sacrifice Purity  |       |       |       |       |     1 |       |       |       |       ||     1
Ability: End Transformatio |       |       |       |       |       |       |     1 |     1 |     1 ||     3
  Evoke: Wand              |       |       |       |     6 |     4 |    14 |     1 |     4 |     1 ||    30
         Condenser vane    |       |       |       |       |       |     1 |       |       |       ||     1
    Use: Scroll            |     3 |     5 |     2 |     9 |    18 |     6 |     5 |    19 |     4 ||    71
         Potion            |       |       |     3 |       |     8 |    12 |       |    15 |     3 ||    41
   Stab: Sleeping          |     1 |       |     1 |       |       |       |       |       |       ||     2
         Distracted        |       |       |     2 |       |     2 |     2 |     2 |     9 |     5 ||    22
         Invisible         |       |       |       |     1 |     7 |     8 |     3 |    10 |     2 ||    31
         Paralysed         |       |       |       |       |    13 |    13 |       |    11 |     7 ||    44
 Armour: Robe              |    75 |   112 |   209 |       |       |       |       |       |       ||   396
         Skin              |       |       |    17 |       |       |    25 |   277 |   311 |    65 ||   695
         Troll leather arm |       |       |     2 |    52 |       |       |       |       |       ||    54
         Acid dragon scale |       |       |       |    26 |   206 |   395 |    96 |    30 |       ||   753
         Storm dragon scal |       |       |       |       |       |       |       |   121 |    68 ||   189
  Dodge: Dodged            |   101 |   119 |   212 |    91 |   237 |   401 |   487 |   717 |   172 ||  2537
         Repelled          |       |       |       |       |    11 |       |       |       |       ||    11
  Block: Other             |       |       |       |       |    21 |       |       |       |       ||    21
         Reflection        |       |       |       |       |     2 |       |       |       |       ||     2
         Kite shield       |       |       |       |       |       |       |       |   563 |   208 ||   771

Levels and vault maps discovered:
D:1:      lemuel_arrival_behind_the_door_small, layout_loops_ring,
          dk_noncrumbling_2
D:2:      layout_loops_ring, serial_shops, shop, minmay_vboxes
D:3:      layout_rooms, nicolae_elyvilon_temple_path,
          chequers_ecumenical_altar_grove, kennysheep_big_empty_room
D:4:      layout_layer_cave, temple_doors_e, serial_shops,
          nicolae_shop_advertising_works [nicolae_subvault_shop_adworks],
          lightli_corner_chamber
D:5:      nicolae_BIG_FREAKIN_CUBE, layout_basic
D:6:      layout_layer_cave, nicolae_overflow_two_pavilions,
          mainiacjoe_overflow_boulevard
D:7:      layout_rooms
D:8:      layout_basic
D:9:      layout_irregular_city, mainiacjoe_overflow_large_starburst
D:10:     layout_basic, chequers_garden, nicolae_wwwww
D:11:     layout_cave_pods, dpeg_lair_monsters, erik_orc_4, serial_shops,
          nicolae_shop_waterfront, shop
D:12:     layout_long_grid, serial_shops, shop, serial_demonic,
          serial_demonic_e, serial_demonic_d, serial_demonic_c,
          serial_demonic_a, minmay_lindwurm_lava
D:13:     layout_basic, david_vaults_4, gauntlet_entry_generic, uniq_kirke
D:14:     layout_basic
D:15:     grunt_enter_depths_hoard, layout_irregular_city, glass_columns_a,
          minmay_misc_feat_enclosed
Temple:   nicolae_temple_slightly_damp_pantheon
Lair:1:   layout_roguey, infiniplex_staircase_pool_2
Lair:2:   layout_hall_layers, elwin_shoals_entry_rocks, lemuel_fruit_tree,
          infiniplex_staircase_pool
Lair:3:   layout_loops_ring, spider_nest_entry_funnel_web, basic_altar,
          serial_bayou_pond_a, uniq_fannar, uniq_amaemon, uniq_nessos
Lair:4:   layout_roguey, minmay_slime_entry_oklob_enclosed,
          portal_ice_cave_entry_imps, grunt_megastairs_4, uniq_rupert
Lair:5:   hangedman_lair_in_review, layout_hall_layers,
          hangedman_lair_caniforms_friends, gammafunk_ghost_wrathful_warriors,
          minivault_11
Shoals:1: cheibrodos_shoals_gigantism, layout_shoals, nicolae_shoals_c_island
Shoals:2: layout_shoals, serial_shops, nicolae_take_the_stairs,
          nicolae_shop_gaudy_bauble, shop, shop, gammafunk_ghost_grave,
          nicolae_specific_store, uniq_polyphemus, uniq_roxanne, uniq_donald
Shoals:3: layout_shoals, ebering_ghost_xom, uniq_bai_suzhen
Shoals:4: shoals_end_hangedman, layout_shoals,
          nicolae_shoals_stone_sculpture_thing, nicolae_shoals_goliath_grotto,
          uniq_mlioglotl
Spider:1: nicolae_spider_hilbert_zone_5 [nicolae_spider_hilbert_3_sides_1_open,
          nicolae_spider_hilbert_4_sides_1_open,
          nicolae_spider_hilbert_4_sides_1_open,
          nicolae_spider_hilbert_6_sides_1_open,
          nicolae_spider_hilbert_6_sides_1_open], nicolae_spider_solar_radiation
Spider:2: layout_spider_delve, hellmonk_narrow_tunnel
Spider:3: layout_spider_delve, drop_trap, spiders_nest_hornet_nest,
          hangedman_spider_tarantella_strand
Spider:4: johnstein_spider_rune_arachne_lair, uniq_nikola
Slime:1:  layout_caves
Slime:2:  cheibrodos_slime_lost_civilization_2, layout_caves
Slime:3:  layout_caves
Slime:4:  layout_caves, uniq_dissolution
Slime:5
Orc:1:    layout_caves, serial_shops, shop, lightli_orcish_oven, uniq_josephine
Orc:2:    pf_orc_diabolical, layout_caves, uniq_azrael, uniq_erolcha
Elf:1:    minmay_elf_crystal_pentagon, layout_geoelf_grid, orc_legates
Elf:2:    nicolae_elf_blades_crystal_corner, layout_rooms, serial_shops, shop,
          nicolae_diamond_shop, shop, grunt_ministairs_9
Elf:3:    grunt_elf_hall_diamonds, layout_geoelf_castle, basic_altar,
          corexii_leaking_fountain, minmay_misc_feat_five
Vaults:1: nicolae_vaults_sightless_eye, v_misc_30,
          nicolae_vaults_little_squares_4, nicolae_vaults_tetromino_T_2,
          nicolae_vaults_prndl, nicolae_vaults_diffraction_hallways, v_misc_2,
          v_rooms_1, ontoclasm_vaults_loading_screen, vaults_mumra_chevron_long,
          ontoclasm_vaults_claustrophobia, grunt_vaults_twisty,
          nicolae_vaults_mini_display_case, nicolae_vaults_prndl,
          layout_vaults_omnicross
Vaults:2: ontoclasm_vaults_eye, nicolae_vaults_stepped_doors,
          hangedman_vaults_stagger, nicolae_vaults_tangram_1,
          minmay_crypt_entry_simple_statues, nicolae_vaults_surprise_closet,
          vaults_mumra_lcd, nicolae_vaults_tetromino_T_2, v_misc_2,
          hangedman_vaults_maws, nicolae_vaults_trapezoid_1,
          nicolae_vaults_tetromino_L_2,
          nicolae_vaults_antechamber_and_loot_room, layout_vaults_maze_snakey,
          serial_shops, nicolae_shop_tiny_statue_garden
Vaults:3: nicolae_vaults_trapezoid_lopsided_1,
          nicolae_vaults_door_testing_chamber, nicolae_vaults_double_plus_3,
          ontoclasm_vaults_fault, nicolae_vaults_sealed_display, v_misc_26,
          nicolae_vaults_security_offices_2, v_rooms_2, hangedman_vaults_trim,
          ontoclasm_vaults_twist, nicolae_vaults_six-pack,
          grunt_vaults_hallway_short, vaults_room_pool,
          hangedman_vaults_stretched_pinwheel, layout_vaults_big_room
Vaults:4: ontoclasm_vaults_ring_square, nicolae_vaults_more_shelving_1,
          vaults_dpeg_diagonal, nicolae_vaults_diagonal_hallway_7,
          nicolae_vaults_little_squares_6, vaults_room_pool,
          vaults_room_guarded_vault, dpeg_vaults_monster_box,
          nicolae_vaults_double_plus_1, layout_vaults_omnigrid
Depths:1: layout_forbidden_donut, enter_ziggurat_c, minmay_misc_feat_room,
          pf_hell_entry_great_geh, drop_trap, nicolae_sextant,
          grunt_qazlal_clouds
Depths:2: kennysheep_six_static_rooms, layout_honeycomb,
          lemuel_coloured_pillars_altar, rand_demon_pan_entry_3, hell_entry,
          minmay_pinched_square, serial_bayou_shore_b
Depths:3: minmay_the_grid_triangle_9x9_rhombus_full_mashed
          [minmay_the_grid_triangle_9x9_flanged_cone,
          minmay_the_grid_triangle_9x9_minimal,
          minmay_the_grid_triangle_9x9_from_above,
          minmay_the_grid_triangle_9x9_sparse_checkered,
          minmay_the_grid_triangle_9x9_cache,
          minmay_the_grid_triangle_9x9_odd_lines,
          minmay_the_grid_triangle_9x9_empty,
          minmay_the_grid_triangle_9x9_prize_insulated], layout_basic,
          abyss_entry, nicolae_vehumet_radiance, grunt_metal_band,
          grunt_tower_of_power, uniq_mennas
Depths:4: grunt_zot_entry_bicorn, layout_cave_pools, hellmouth_1,
          nicolae_two_hexagons
Zot:1:    layout_twisted_circle
Zot:2:    layout_cellular_growth
Zot:3:    grunt_zot_stairs_mandelzot, layout_gridlike, grunt_ministairs_11,
          uniq_grunn
Zot:4:    kennysheep_room_grid, layout_cellular_growth, lemuel_lake_of_fire
Zot:5:    layout_basic

Table legend: (Time is in decaauts)
 A = Elapsed time spent in this place.
 B = Non-inter-level travel time spent in this place.
 C = Inter-level travel time spent in this place.
 D = Time resting spent in this place.
 E = Time spent auto-exploring this place.
 F = Levels seen in this place.
 G = Mean time per level.
                   A        B        C        D        E       F      G
               +--------+--------+--------+--------+--------+-----+--------+
         Total | 161232 | 153281 |   7951 |  74992 |  59978 |  53 | 3042.1 |
       Dungeon |  32528 |  29569 |   2959 |   9791 |  15640 |  15 | 2168.5 |
        Temple |    249 |    232 |     17 |      0 |    211 |   1 |  249.0 |
          Lair |  21790 |  20732 |   1058 |  11379 |   7416 |   5 | 4358.0 |
        Shoals |  14951 |  14484 |    467 |   6225 |   6812 |   4 | 3737.8 |
   Spider Nest |  14318 |  13977 |    341 |   6170 |   6366 |   4 | 3579.5 |
    Slime Pits |   8248 |   8163 |     85 |   6171 |    489 |   5 | 1649.6 |
  Orcish Mines |   6646 |   6138 |    508 |   3201 |   2247 |   2 | 3323.0 |
   Elven Halls |  10611 |  10357 |    254 |   5286 |   3834 |   3 | 3537.0 |
        Vaults |  14920 |  14096 |    824 |   5319 |   7211 |   4 | 3730.0 |
        Depths |  14725 |  14214 |    511 |   8649 |   4209 |   4 | 3681.2 |
           Zot |  21571 |  20647 |    924 |  12485 |   5317 |   5 | 4314.2 |
      Gauntlet |    669 |    669 |      0 |    313 |    224 |   1 |  669.0 |
               +--------+--------+--------+--------+--------+-----+--------+

Top non-repeatable levels by time:
   Zot:5: 6313 daAuts
   Zot:3: 5721 daAuts
  Lair:5: 5410 daAuts
  Lair:3: 5338 daAuts
Spider:3: 5015 daAuts
Depths:1: 4768 daAuts
    D:13: 4479 daAuts
Shoals:4: 4470 daAuts
Vaults:2: 4405 daAuts
  Lair:4: 4368 daAuts
   Elf:3: 4333 daAuts
Shoals:3: 4111 daAuts
   Elf:1: 4055 daAuts
Vaults:1: 3986 daAuts
   Orc:2: 3979 daAuts

Table legend:
 A = Kills in this place as a percentage of kills in the entire game.
 B = Kills by you in this place as a percentage of kills by you in the entire game.
 C = Kills by friends in this place as a percentage of kills by friends in the entire game.
 D = Other kills in this place as a percentage of other kills in the entire game.
 E = Experience gained in this place as a percentage of experience gained in the entire game.
 F = Experience gained in this place divided by the number of levels of this place that you have seen.
                   A       B       C       D       E      F
               +-------+-------+-------+-------+-------+----------------------
         Total | 100.0 | 100.0 |   N/A | 100.0 | 100.0 | 24892.4
       Dungeon |  17.1 |  17.2 |   N/A |  10.3 |   5.6 | 4942.3
          Lair |  12.9 |  13.0 |   N/A |  10.3 |   6.6 | 17468.2
        Shoals |   6.8 |   6.8 |   N/A |  10.3 |   6.9 | 22794.5
   Spider Nest |  11.0 |  11.2 |   N/A |   0.0 |   8.5 | 28009.8
    Slime Pits |   4.7 |   4.6 |   N/A |  10.3 |   5.0 | 13121.0
  Orcish Mines |   6.3 |   6.4 |   N/A |   0.0 |   1.8 | 12084.5
   Elven Halls |   6.8 |   6.9 |   N/A |   0.0 |   7.7 | 33781.3
        Vaults |  12.7 |  12.6 |   N/A |  20.7 |  15.0 | 49466.2
        Depths |   9.6 |   9.4 |   N/A |  20.7 |  14.4 | 47498.0
           Zot |  11.8 |  11.8 |   N/A |  17.2 |  28.3 | 74559.8
      Gauntlet |   0.2 |   0.2 |   N/A |   0.0 |   0.2 | 2829.0
               +-------+-------+-------+-------+-------+----------------------
